Cogmind - Beta 15 @@@ ROGUE MODE // 2025.08.11 @ 16:40:39 Player: TapeIsSticky Result: Escaped! Performance ------------- Evolutions (9) 4500 Regions Visited (29) 5800 Robots Destroyed (818) 4090 Value Destroyed (47946) 47946 Prototype IDs (135) 2700 Alien Tech Used (4) 800 Bonus (52182) 52182 TOTAL SCORE: 118018 Bonus ------- Triggered High Security 1500 High Alert Combat Kills 28809 Follower Combat Kills 2329 Network Hubs Disabled 400 Met Data Miner 300 Met Warlord at Base 500 MAIN.C Attacked Warlord 500 Warlord Defense Kills 934 Built Enhanced Grunts 300 A7 Reached Mainframe 300 Met R17 at Cetus 500 Met R17 at Research 2000 Scanned by Researcher 500 Destroyed Superfortress 15000 Win 3000 Friendly Fire -4690 Cogmind --------- Core Integrity 307/1600 Matter 300/300 Energy 165/170 System Corruption 41% Temperature Cool (9) Movement Treading (45) Location To Epsilon Eridani Parts ------- > --- POWER (3) -------- Light Antimatter Reactor > --- PROPULSION (6) --- Treaded Biometal-Reflex Exoskeleton > --- UTILITY (12) ----- Armored Scrap Engine Concept Thermoelectric Network Huge Storage Unit Spectral Analyzer SHELL Armor AEGIS Remote Shield > --- WEAPON (4) ------- Hpw. Kinetic Linear Construct/C > --- INVENTORY (25) --- Light Quantum Reactor Light Quantum Reactor Advanced Heat Sink Experimental Heat Sink Advanced Coolant Injector Energy Well (350) Faulty Gravity Neutralizer Experimental Optical Array Experimental Core Analyzer Experimental Core Analyzer Improved Armor Integrity Analyzer Concept Cloak Mesh Graphene Brace Advanced Remote Force Field Concept Antimissile System Long-range Tractor Beam Crosscalibrator Helical Railgun Helical Railgun Compact Linear Accelerator Peak State ------------ > --- POWER ------------ Quantum Reactor Quantum-Graviton Reactor > --- PROPULSION ------- Treaded Biometal-Reflex Exoskeleton > --- UTILITY ---------- Armored Scrap Engine Experimental Coolant Injector Concept Thermoelectric Network Huge Storage Unit Spectral Analyzer Experimental Active Sensor Suite Improved Armor Integrity Analyzer SHELL Armor > --- WEAPON ----------- Hpw. Kinetic Linear Construct/C > --- INVENTORY -------- Light Quantum Reactor Concept Thermoelectric Network Advanced Matter Compressor Advanced Matter Compressor Enhanced Optical Array Experimental Active Sensor Suite Improved Kinecellerator Experimental Phase Shifter Concept Cloak Mesh Graphene Brace Experimental Force Field AEGIS Remote Shield Concept Antimissile System Ghost Barrier Crosscalibrator Transdimensional Reconstructor Hypervelocity Railgun Hypervelocity Railgun Hardcell Cannon Linear Accelerator Enhanced Hardcell Cannon [Rating: 252] Favorites ----------- Power Constructs Engine Improved Ion Engine Power Core Light Nuclear Core Reactor Constructs Propulsion Constructs Treads Constructs Utility Armored Scrap Engine Device Armored Scrap Engine Storage Huge Storage Unit Processor Advanced Signal Interpreter Hackware Improved Hacking Suite Protection SHELL Armor Artifact Phase Redirector Weapon Constructs Energy Gun Subdweller Laser Energy Cannon Subdweller Beam Cannon Ballistic Gun Minigun Ballistic Cannon Constructs Launcher Long-range Missile Launcher Special Weapon Multitool Slashing Weapon Plasma Sword Piercing Weapon Vortex Lance Build | -11 -10 -10 -8 -8 -8 -6 -6 -6 -6 -6 -6 -5 -5 -5 -5 -5 -4 -4 -4 -4 -4 -4 -3 -3 -2 -2 -2 -1 -1 ------- Run | Yrd Mat Sub Mat Sto Rec Fac Was Fac Low Low Dat Pro Fac Upp Upp War Pro Fac Ext Cet Arc Hub Res Tes Res Qua Frg Acc Com Slots Evolved 18 | . . . 4 . . 4 . . . . . . 2 . . . . 2 . . . . 2 . 2 . . 2 . Power 2 | . . . . . . . . . . . . . . . . . . 1 . . . . . . . . . 1 . Propulsion 4 | . . . 2 . . 1 . . . . . . 1 . . . . . . . . . . . . . . . . Utility 10 | . . . 1 . . 2 . . . . . . 1 . . . . 1 . . . . 2 . 2 . . 1 . Weapon 2 | . . . 1 . . 1 . . . . . . . . . . . . . . . . . . . . . . . Parts Attached 217 | 6 9 8 9 29 4 6 . 12 3 . . . 6 2 2 12 1 8 8 1 5 . 10 8 15 16 8 24 5 Power 15 | 1 1 1 . 2 1 . . 1 . . . . . . . . . 2 1 . . . . . . . . 4 1 Engine 8 | 1 1 1 . 2 1 . . . . . . . . . . . . 2 . . . . . . . . . . . Core 2 | . . . . . . . . 1 . . . . . . . . . . 1 . . . . . . . . . . Reactor 5 | . . . . . . . . . . . . . . . . . . . . . . . . . . . . 4 1 Propulsion 25 | 2 3 1 4 14 . . . . . . . . 1 . . . . . . . . . . . . . . . . Treads 25 | 2 3 1 4 14 . . . . . . . . 1 . . . . . . . . . . . . . . . . Leg . | . . . . . . . . . . . . . . . . . . . . . . . . . . . . . . Wheel . | . . . . . . . . . . . . . . . . . . . . . . . . . . . . . . Hover . | . . . . . . . . . . . . . . . . . . . . . . . . . . . . . . Flight . | . . . . . . . . . . . . . . . . . . . . . . . . . . . . . . Utility 126 | 1 3 2 2 2 1 5 . 7 2 . . . 3 1 1 8 1 5 5 1 4 . 7 6 12 15 8 20 4 Device 75 | . 1 . 1 1 1 4 . 2 2 . . . 1 1 1 7 . 4 4 . 2 . 3 3 8 10 5 13 1 Storage 9 | 1 2 . . . . . . 1 . . . . . . . . . . . 1 . . . 1 . 1 . . 2 Processor 24 | . . 1 1 1 . 1 . 1 . . . . 1 . . . 1 . 1 . . . 1 . 3 2 2 7 1 Hackware 8 | . . . . . . . . 3 . . . . . . . . . . . . 1 . 2 . 1 . 1 . . Protection 9 | . . 1 . . . . . . . . . . 1 . . 1 . 1 . . 1 . 1 2 . 1 . . . Artifact 1 | . . . . . . . . . . . . . . . . . . . . . . . . . . 1 . . . Weapon 51 | 2 2 4 3 11 2 1 . 4 1 . . . 2 1 1 4 . 1 2 . 1 . 3 2 3 1 . . . Energy Gun 5 | . . 1 . . . . . . . . . . . . . 1 . 1 . . 1 . . 1 . . . . . Energy Cannon 3 | . . 1 . . . . . 1 . . . . . . 1 . . . . . . . . . . . . . . Ballistic Gun 19 | 2 1 2 3 8 1 . . . . . . . . . . . . . 1 . . . 1 . . . . . . Ballistic Cannon 7 | . . . . 1 1 . . . . . . . 1 . . . . . . . . . . . 3 1 . . . Launcher 11 | . 1 . . 2 . 1 . 2 1 . . . . . . 1 . . . . . . 2 1 . . . . . Special Weapon 2 | . . . . . . . . 1 . . . . . . . . . . 1 . . . . . . . . . . Impact Weapon . | . . . . . . . . . . . . . . . . . . . . . . . . . . . . . . Slashing Weapon 2 | . . . . . . . . . . . . . 1 . . 1 . . . . . . . . . . . . . Piercing Weapon 2 | . . . . . . . . . . . . . . 1 . 1 . . . . . . . . . . . . . Special Melee Weapon . | . . . . . . . . . . . . . . . . . . . . . . . . . . . . . . Unidentified Prototypes 39 | . . . . 1 1 . . . 1 . . . 1 . . 8 . . . 1 . . 5 4 1 9 . 7 . Parts Lost 25 | . . 1 1 2 1 . . 3 1 . . . 1 . . . . 1 1 . . 1 . 1 . . 3 2 6 Power 10 | . . 1 1 . 1 . . 2 . . . . . . . . . 1 . . . . . . . . 1 1 2 Propulsion 2 | . . . . 1 . . . . . . . . . . . . . . . . . . . . . . . . 1 Utility 10 | . . . . . . . . . 1 . . . 1 . . . . . 1 . . . . 1 . . 2 1 3 Weapon 3 | . . . . 1 . . . 1 . . . . . . . . . . . . . 1 . . . . . . . Highest Loss Streak 3 | . . 1 1 1 1 . . 1 1 . . . 1 . . . . 1 1 . . 1 . 1 . . 2 1 3 To Critical Strikes . | . . . . . . . . . . . . . . . . . . . . . . . . . . . . . . Average Backups 17 | 2 9 14 13 14 3 14 14 15 23 23 22 22 22 22 23 22 22 22 22 23 23 23 20 21 19 21 20 22 22 Power . | . 1 . . . . . . . . . . . . . . . . . . 1 1 1 . . . . . 2 2 Propulsion 1 | . 4 6 2 2 . 1 1 1 1 . . . . . . . . . . . 1 1 1 2 3 3 3 . . Utility 11 | . 2 3 3 2 1 8 9 11 16 18 18 18 18 19 20 19 19 18 17 18 18 20 16 14 12 13 15 14 15 Weapon 3 | . 1 4 6 8 1 3 3 2 4 3 3 3 2 2 3 3 3 3 3 4 2 1 2 3 2 1 . 4 4 Tool/Special . | . . . . . . . . . . . . . . . . . . . . . . . . . . . . . . Unused Backups 148 | . 3 . 4 4 52 7 . . 3 . . . 3 2 . 7 . . . . 2 . 2 7 4 8 . 23 17 Power 11 | . 1 . 1 . 3 . . . . . . . . . . . . . . . . . 1 1 . . . 2 2 Propulsion 27 | . 1 . 1 . 12 1 . . 3 . . . . . . . . . . . . . 1 1 2 2 . 3 . Utility 58 | . . . 1 2 13 5 . . . . . . 1 1 . 6 . . . . 1 . . 3 2 5 . 8 10 Weapon 48 | . 1 . 1 2 23 1 . . . . . . . . . 1 . . . . 1 . . 2 . 1 . 10 5 Tool/Special 4 | . . . . . 1 . . . . . . . 2 1 . . . . . . . . . . . . . . . Average Slot Usage (%) 61 | . 99 100 99 99 72 44 46 45 45 46 46 46 46 47 47 46 47 48 47 47 48 48 51 51 56 53 54 51 51 Engine 4 | . 14 14 8 8 7 . . . 5 6 6 6 3 . . . . 1 . . . . . . . . . . . Reactor 2 | . . . . . . . . . . . . . . . . 2 5 1 . 4 5 5 4 4 4 4 3 7 8 Treads 11 | . 28 28 35 35 28 4 . . 5 6 6 6 4 . . . . . . 4 5 5 . . . . . 2 3 Leg 1 | . . . . . . 1 6 6 . . . . . 5 5 3 4 5 5 . . . . 2 1 . . 1 . Device 13 | . 13 . 8 8 4 12 13 12 12 13 13 13 14 17 17 16 17 19 18 21 18 15 18 18 21 20 24 19 19 Storage 6 | . 14 14 9 9 9 6 6 6 6 6 6 6 5 5 5 5 5 5 5 5 5 5 4 4 4 4 4 4 4 Processor 7 | . . 9 8 9 8 4 6 6 6 6 6 6 7 5 5 5 5 5 6 5 5 5 8 9 12 11 10 7 8 Protection 1 | . . 3 . . . . . . . . . . . . . . . 1 . . 2 5 3 4 3 3 . 4 4 Ballistic Gun 5 | . 27 18 26 25 4 . . . . . . . . . . . . . . . . . . . . . . . . Ballistic Cannon 3 | . . . . . 5 6 6 4 6 6 6 6 1 3 5 5 . 5 5 3 1 . 1 3 . 2 2 3 4 Peak Build Rating 252 | 6 12 18 27 29 45 64 65 84 90 91 86 86 100 97 95 132 124 131 146 155 156 150 179 182 203 206 230 252 251 Average Rating 106 | 5 10 14 26 25 26 55 64 73 85 87 86 86 93 93 92 105 119 123 136 145 148 146 162 171 187 194 199 245 240 On Entrance 103 | . 6 11 17 25 26 45 64 64 75 87 86 86 86 93 93 93 121 118 128 141 148 145 145 170 172 191 191 224 251 Naked Turns . | . . . . . . . . . . . . . . . . . . . . . . . . . . . . . . Heaviest Build 241 | 13 31 39 41 42 38 37 36 123 124 124 116 116 128 121 121 127 130 148 161 152 140 146 150 156 168 190 197 241 221 Greatest Support 356 | 40 46 46 92 89 97 125 125 128 156 126 126 126 130 150 150 189 221 221 221 288 288 288 288 288 267 267 267 356 268 Greatest Overweight (x) 1 | . . . . . 1 . . . . . . . . . . . . . . . . . . . . . . . . Average Overweight (x) . | . . . . . . . . . . . . . . . . . . . . . . . . . . . . . . Largest Inventory Capacity 25 | 8 15 15 15 15 15 15 15 25 25 25 25 25 25 25 25 25 25 25 25 25 25 25 25 25 25 25 25 25 25 Average Capacity 21 | 7 11 15 15 15 15 15 15 23 25 25 25 25 25 25 25 25 25 25 25 25 25 25 25 25 25 25 25 25 25 Most Carried 25 | 5 13 15 15 15 15 15 15 25 25 25 25 25 25 25 25 25 25 25 25 25 25 25 25 25 25 25 25 25 25 Average Carried 18 | 2 9 14 14 14 3 14 14 15 23 24 25 25 24 24 25 24 24 24 24 23 24 24 21 23 23 24 23 23 22 Final Capacity 25 | 8 15 15 15 15 15 15 15 25 25 25 25 25 25 25 25 25 25 25 25 25 25 25 25 25 25 25 25 25 25 Final Carried 25 | 5 13 14 14 15 15 14 14 25 24 25 25 25 25 25 25 25 25 24 25 25 25 24 25 21 25 25 25 25 20 Scrap Engine Consumption 298 | . . . . . 52 9 2 29 3 2 . 1 25 3 1 17 3 4 23 15 3 1 13 11 17 11 16 31 6 Constructs Created 6 | . . . . . 3 . . 1 1 . . . . . . . . 1 . . . . . . . . . . . Constructs Modified 129 | . . . . . 17 4 . 6 8 . . . 10 2 . 5 5 1 12 7 2 . 6 7 7 5 8 14 3 Class Distribution -------------------- 49% | Construct 9% | Scavenger-Construct 8% | Scavenger-Mutant 8% | Mutant 8% | Commander-Construct 7% | Scavenger-Gunner 4% | Gunner 3% | Infiltrator-Construct Dominant Class ---------------- Mutant | -10/Materials Mutant | -10/Subcaves Gunner | -8/Materials Scavenger-Gunner | -8/Storage Scavenger-Mutant | -8/Recycling Construct | -6/Factory Construct | -6/Waste Construct | -6/Factory Construct | -6/Lower Caves Construct | -6/Lower Caves Construct | -6/Data Miner Construct | -5/Proximity Caves Construct | -5/Factory Construct | -5/Upper Caves Construct | -5/Upper Caves Construct | -5/Warlord Construct | -4/Proximity Caves Construct | -4/Factory Commander-Construct | -4/Extension Commander-Construct | -4/Cetus Commander-Construct | -4/Archives Commander-Construct | -4/Hub_04(d) Construct | -3/Research Construct | -3/Testing Construct | -2/Research Construct | -2/Quarantine Infiltrator-Construct | -2/Protoforge Scavenger-Construct | -1/Access Scavenger-Construct | -1/Command Resources | -11 -10 -10 -8 -8 -8 -6 -6 -6 -6 -6 -6 -5 -5 -5 -5 -5 -4 -4 -4 -4 -4 -4 -3 -3 -2 -2 -2 -1 -1 ----------- Run | Yrd Mat Sub Mat Sto Rec Fac Was Fac Low Low Dat Pro Fac Upp Upp War Pro Fac Ext Cet Arc Hub Res Tes Res Qua Frg Acc Com Matter Collected 24178 | 288 324 189 592 996 637 472 . 717 913 438 . 101 91 103 51 219 173 126 567 213 339 120 764 975 1049 2495 1444 3168 6614 Remotely 2971 | . . . . . . . . . . . . . . . . . . . . . . . . . . . . . 2971 Salvage Created 52383 | 126 344 450 859 1641 529 663 . 1809 237 788 . 74 425 108 . 459 190 347 1098 427 433 204 849 972 1012 1871 2476 25105 8887 Parts 1998 | 14 27 27 48 93 36 28 . 94 9 15 . 1 26 5 . 17 9 17 40 20 28 20 31 51 41 115 108 775 303 Haulers Intercepted 16 | . . . 1 6 . . . 1 . . . . . . . . . . . . . . 4 1 2 . . 1 . Recyclers Shooed 8 | . . . . . 2 3 . 1 . . . . . . . . . 2 . . . . . . . . . . . Parts Field Recycled . | . . . . . . . . . . . . . . . . . . . . . . . . . . . . . . Retrieved Matter . | . . . . . . . . . . . . . . . . . . . . . . . . . . . . . . Parts Self-Destructed 33 | . . 14 . . . . . . 3 5 . 1 . 5 5 . . . . . . . . . . . . . . Prevented 9 | . . . . . . . . . . . . . . . 1 . 8 . . . . . . . . . . . . Kills | -11 -10 -10 -8 -8 -8 -6 -6 -6 -6 -6 -6 -5 -5 -5 -5 -5 -4 -4 -4 -4 -4 -4 -3 -3 -2 -2 -2 -1 -1 ------- Run | Yrd Mat Sub Mat Sto Rec Fac Was Fac Low Low Dat Pro Fac Upp Upp War Pro Fac Ext Cet Arc Hub Res Tes Res Qua Frg Acc Com Combat Hostiles Destroyed 662 | . 9 11 18 23 4 11 . 34 4 16 . 1 14 4 . 7 2 9 12 4 1 9 4 13 9 25 24 294 100 Melee 1 | . . . . . . . . . . . . . . . . . . . . . . 1 . . . . . . . Guns 67 | . 9 9 18 23 4 . . . . . . . . . . . . 4 . . . . . . . . . . . Cannons 487 | . . 2 . . . 8 . 25 . 2 . 1 7 . . 2 1 . 12 . 1 2 4 10 9 19 22 268 92 AOE 91 | . . . . . . 3 . 9 4 14 . . 7 4 . 2 1 5 . . . 6 . 2 . 5 . 21 8 Classes Destroyed 33 | 2 3 1 4 . 1 3 . 3 1 2 . . . . . 2 . . 1 . . . . . . 1 4 5 . Worker 20 | . . . 3 1 . . . 2 . . . . . . . . . . 1 . . 1 . 1 1 1 . 7 2 Builder 28 | . . . . . 5 . . 5 . . . . . . . . . 1 2 . . 1 . 2 . . . 12 . Tunneler 5 | 3 . . . . . . . 1 . . . . . . . . . . . . . . . . . . . 1 . Hauler 16 | . . . 1 6 . . . 1 . . . . . . . . . . . . . . 4 1 2 . . 1 . Recycler 13 | 1 . . . 1 4 1 . 2 . . . . . . . . . 1 1 . . . . . . . . 2 . Carrier 24 | . . . . . . . . . . . . . . . . . . . . . . . . . . . . 17 7 Minesweeper 2 | . . . . . . . . . . 1 . . . . . . 1 . . . . . . . . . . . . Mechanic 27 | . . . . . . . . . . 1 . . . . . . . . . . . . . . . . . 17 9 Operator 17 | . . . . . . . . 1 . . . . 1 . . . . . 1 . 9 . 1 1 1 1 1 . . Drone 2 | . . . . . . . . . . . . . . . . . . . . . . . . . . . 2 . . Watcher 28 | . 3 . 2 2 . . . 1 . . . . 1 . . . . 1 . 1 . . 2 2 1 1 4 4 3 Swarmer 61 | . 3 . 3 . . 4 . 11 4 2 . . 10 4 . 1 . 5 1 . . 5 . 3 . 5 . . . Cutter 11 | . . . . . . . . 4 . . . . . . . . . . . . . 3 . . . . . 4 . Saboteur 27 | . . . . . . . . . . . . . . . . . . . . . . . . . . . . 22 5 Grunt 210 | . 6 2 11 10 . 1 . 8 . 9 . . . . . 3 . 2 4 . . . 3 3 5 3 . 91 49 Brawler 32 | . . . . . . 1 . . . . . . . . . . . . . . . . . . . . . 21 10 Duelist 50 | . . . . . . 2 . . . 3 . . . . . . . . . . . . . . . 1 . 32 12 Protector 26 | . . . . . . . . . . . . . . . . . . . . . . . . . . . . 20 6 Sentry 50 | . . . 3 13 3 . . 4 . 2 . 1 2 . . . . 2 6 . 1 1 1 . . . 7 3 1 Demolisher 2 | . . . . . . . . . . . . . . . . . . . . . . . . . . . . 2 . Specialist 1 | . . . . . . . . . . . . . . . . 1 . . . . . . . . . . . . . Hunter 33 | . . . 1 . . 2 . 2 . . . . . . . 1 2 . . . . . . 2 4 3 . 15 1 Programmer 67 | . . . . . . 1 . 4 . . . . 2 . . . . . . . . . . 5 . 2 9 39 5 Heavy 1 | . . . . . . . . 1 . . . . . . . . . . . . . . . . . . . . . Behemoth 4 | . . . . . . . . . . . . . . . . . . . 1 . . . . . . . . 3 . Cetus Guard 4 | . . . . . . . . . . . . . . . . . . . . 4 . . . . . . . . . Quarantine Guard 10 | . . . . . . . . . . . . . . . . . . . . . . . . . . 10 . . . Immortal 1 | . . . . . . . . . . . . . . . . . . . . . . . . . . . 1 . . Investigator 5 | . . . . . . . . . . . . . . . . . . . . . . . . . . . . 3 2 Striker 28 | . . . . . . . . . . . . . . . . . . . . . . . . . . . 1 19 8 Executioner 27 | . . . . . . . . . . . . . . . . 1 . . . . . . . . . . . 23 3 Alpha 7 2 | . . . . . . . . . . . . . . . . . . . . . . . . . . . 2 . . Fortress 1 | . . . . . . . . . . . . . . . . . . . . . . . . . . 1 . . . V-Series 1 | . . . . . . . . . . . . . . . . . . . . . . . . . . . 1 . . Subdweller 10 | . . 9 . . 1 . . . . . . . . . . . . . . . . . . . . . . . . Decomposer 2 | . . . . . . . . . 2 . . . . . . . . . . . . . . . . . . . . Packrat 2 | . . . . . . . . . . 2 . . . . . . . . . . . . . . . . . . . Samaritan 5 | . . . . . . . . . 3 2 . . . . . . . . . . . . . . . . . . . Guerrilla 1 | . . . . . . . . . . . . . . . . . . . . . 1 . . . . . . . . Best Kill Streak 54 | 4 2 2 4 5 2 4 . 9 4 9 . 1 6 4 . 6 2 5 4 5 3 5 3 8 5 4 6 54 29 Combat Bots Only 49 | . 2 2 3 4 1 4 . 6 4 9 . 1 6 4 . 6 2 5 3 4 1 5 3 3 4 4 6 49 24 Max Kills in Single Turn 5 | 1 1 1 2 2 1 3 . 2 3 4 . 1 4 3 . 1 1 5 2 2 1 4 1 2 1 3 1 4 4 Gunslinging 1 | . . . 1 1 . . . . . . . . . . . . . . . . . . . . . . . . . Exploded 5 | . . . . . . 3 . 2 3 4 . . 4 3 . 1 1 5 . . . 4 . 1 . 3 . 2 4 Melee 1 | . . . . . . . . . . . . . . . . . . . . . . 1 . . . . . . . Uniques/NPCs Destroyed 2 | . . . . . . . . . . . . . . . . . . . . 1 . . . . . . 1 . . A7 (-4/Cetus) Superfortress (-2/Protoforge) Combat | -11 -10 -10 -8 -8 -8 -6 -6 -6 -6 -6 -6 -5 -5 -5 -5 -5 -4 -4 -4 -4 -4 -4 -3 -3 -2 -2 -2 -1 -1 -------- Run | Yrd Mat Sub Mat Sto Rec Fac Was Fac Low Low Dat Pro Fac Upp Upp War Pro Fac Ext Cet Arc Hub Res Tes Res Qua Frg Acc Com Hostile Shots Fired 2889 | . 44 43 70 67 6 18 . 181 11 34 . 20 38 3 . 52 24 56 51 11 5 88 10 132 39 111 347 807 621 Missed 995 | . 12 13 15 26 2 7 . 71 6 7 . 8 13 1 . 32 17 15 12 3 . 28 4 57 10 43 133 234 226 Hits 1894 | . 32 30 55 41 4 11 . 110 5 27 . 12 25 2 . 20 7 41 39 8 5 60 6 75 29 68 214 573 395 Melee 49 | . . . . . . . . 6 . . . . . . . . . . . . . 4 . . . . 12 6 21 Projectile 1845 | . 32 30 55 41 4 11 . 104 5 27 . 12 25 2 . 20 7 41 39 8 5 56 6 75 29 68 202 567 374 AOE 12 | . . 1 . . . . . . . . . . . . . . . . . . . 1 . 1 . . . 8 1 Critical Strikes 98 | . . . 1 3 . 1 . 8 . . . . 1 . . 1 1 2 4 1 . 10 . 3 . 4 10 24 24 Actively Blocked 5 | . . . . . . . . . . . . . . . . . . . . . . . . . . . 5 . . Part Disruptions 5 | . . . . . . . . . . . . . . . . . . . . . . . . 1 . . . 2 2 Damage Taken 34451 | . 363 712 837 643 88 240 . 1819 119 655 . 281 500 27 . 364 92 1093 1003 118 132 1687 299 1132 553 962 3634 8756 8342 Core 2911 | . 60 133 130 48 . 33 . 359 . . . 21 90 . . 8 . 41 34 14 . 67 89 23 . 67 446 671 577 Absorbed by Shields 11796 | . . . . . . . . . . . . . . . . 8 . . 21 110 . . . 226 76 950 1473 6970 1962 Reduced by Siege Mode 485 | . . . . . . . . . . . . . . . . . . . . . . . . . . . . 485 . Regen/Repaired (Parts) 18917 | . . . 59 . 10 167 . 630 474 . . . 1274 . . 15 292 149 1275 459 56 . 672 723 446 440 613 8549 2614 Core Remaining (%) 64 | 100 . 22 . . 67 . . . . . . 51 . . . . 90 . . . . 86 . 91 . . 53 . 19 Volleys Fired 2001 | 7 53 39 55 62 22 35 5 147 16 50 . 30 34 13 11 25 29 49 59 32 62 25 47 66 67 122 115 509 215 Largest 3 | 2 2 2 3 3 3 1 1 1 1 1 . 1 1 1 1 1 1 1 1 1 1 1 1 1 2 1 1 1 1 Hottest 502 | 40 40 110 85 86 106 103 73 74 79 79 . 79 79 271 271 271 271 271 323 323 323 106 106 106 313 255 440 502 502 Shots Fired 2303 | 14 105 72 164 178 42 35 5 146 16 47 . 28 34 13 11 25 29 49 59 32 62 25 47 65 69 122 111 502 196 Gun 601 | 14 104 58 164 170 23 . . . . . . . . . . . . 23 . . 42 . . . 2 1 . . . Cannon 1611 | . . 14 . 5 19 34 5 131 13 35 . 28 32 10 11 18 10 25 56 18 20 23 47 63 67 118 111 502 196 Launcher 91 | . 1 . . 3 . 1 . 15 3 12 . . 2 3 . 7 19 1 3 14 . 2 . 2 . 3 . . . Special . | . . . . . . . . . . . . . . . . . . . . . . . . . . . . . . Kinetic 1775 | 14 104 53 164 175 38 14 . 101 . . . . . 7 11 18 . 25 56 18 8 . 15 63 67 118 63 447 196 Thermal 301 | . . 19 . . 4 20 5 30 13 35 . 28 32 3 . . . . . . 54 23 32 . 2 1 . . . Explosive 43 | . 1 . . . . 1 . 15 3 12 . . 2 . . . . 1 1 . . 2 . 2 . 3 . . . Electromagnetic 58 | . . . . 3 . . . . . . . . . 3 . 7 29 . 2 14 . . . . . . . . . Entropic 126 | . . . . . . . . . . . . . . . . . . 23 . . . . . . . . 48 55 . Robot Hit Streak 36 | 7 7 12 13 24 28 17 . 7 4 11 . 4 6 3 . 2 1 11 6 6 5 3 9 6 6 18 32 36 21 Robot Miss Streak 9 | 1 4 2 4 2 2 4 . 5 2 2 . 2 2 . . 5 1 1 7 9 9 5 2 2 4 4 1 4 4 Penetration Max 2 | . . . . . . . . . . . . . . . . . . 1 1 . . . . . . . . 2 2 Secondary Targets 6 | . 2 1 1 2 . . . . . . . . . . . . . . . . . . . . . . . . . Max Gunslinging Chain 1 | . 1 1 1 1 . . . . . . . . . . . . . . . . . . . . . . . . . Shots Hit Robots 1296 | 10 58 53 103 118 20 30 . 64 6 21 . 9 12 2 . 2 2 22 28 11 27 4 23 22 30 40 58 392 129 Core Hits 874 | 5 25 19 42 64 15 24 . 60 8 35 . 2 10 4 . 23 8 17 15 9 18 11 9 14 10 28 28 256 115 Critical Kills 17 | 1 . 2 . . . . . . . . . . . . . . . . . . 1 1 2 2 4 2 2 . . Critical Parts Destroyed 13 | . . . 2 . . . . . . . . . . . . . . 3 . . . . 2 2 1 3 . . . Critical Strikes 44 | 1 . 2 2 . 1 1 . . . 1 . . . . . . . 3 4 . 1 1 4 4 5 8 6 . . Burn 1 | . . . . . . . . . . 1 . . . . . . . . . . . . . . . . . . . Meltdown 2 | . . . . . . . . . . . . . . . . . . . . . . . . . . . 2 . . Destroy 25 | 1 . 2 2 . . . . . . . . . . . . . . . . . 1 1 4 4 5 5 . . . Blast 13 | . . . . . 1 1 . . . . . . . . . . . . 4 . . . . . . 3 4 . . Detonate 3 | . . . . . . . . . . . . . . . . . . 3 . . . . . . . . . . . Melee Attacks . | . . . . . . . . . . . . . . . . . . . . . . . . . . . . . . Impact . | . . . . . . . . . . . . . . . . . . . . . . . . . . . . . . Slashing . | . . . . . . . . . . . . . . . . . . . . . . . . . . . . . . Piercing . | . . . . . . . . . . . . . . . . . . . . . . . . . . . . . . Sneak Attacks . | . . . . . . . . . . . . . . . . . . . . . . . . . . . . . . Combat Hostiles . | . . . . . . . . . . . . . . . . . . . . . . . . . . . . . . Follow-up Attacks . | . . . . . . . . . . . . . . . . . . . . . . . . . . . . . . Damage Inflicted 286878 | 105 610 999 2114 2008 461 2331 . 6639 624 2374 . 552 1753 123 . 1819 442 1901 4206 1504 1255 958 2483 3716 3793 9690 22895 161721 49802 Guns 7216 | 105 598 748 2097 1906 223 . . . . . . . . . . . . 848 . . 691 . . . . . . . . Cannons 256853 | . . 251 . 28 198 1965 . 4936 360 730 . 552 1026 . . 408 217 232 4130 1082 515 280 2483 3374 3724 8372 22470 153981 45539 Explosions 22180 | . . . . . . 314 . 1665 251 1644 . . 727 123 . 1411 225 709 76 422 . 559 . 271 69 1318 425 7740 4231 Melee . | . . . . . . . . . . . . . . . . . . . . . . . . . . . . . . Ramming 629 | . 12 . 17 74 40 52 . 38 13 . . . . . . . . 112 . . 49 119 . 71 . . . . 32 Kinetic 223714 | 105 598 667 2097 1934 421 608 . 3699 . . . . . . . 408 . 232 4130 1082 404 . 749 3374 3724 8372 6579 138992 45539 Thermal 22218 | . . 332 . . . 1372 . 1237 360 730 . 552 1302 . . 327 . 194 . . 802 280 1734 . 69 676 425 7595 4231 Explosive 6404 | . . . . . . 299 . 1665 251 1644 . . 451 . . . . 477 . . . 559 . 271 . 642 . 145 . Electromagnetic 2185 | . . . . . . . . . . . . . . 123 . 1084 442 38 76 422 . . . . . . . . . Impact . | . . . . . . . . . . . . . . . . . . . . . . . . . . . . . . Slashing . | . . . . . . . . . . . . . . . . . . . . . . . . . . . . . . Piercing . | . . . . . . . . . . . . . . . . . . . . . . . . . . . . . . Entropic 31728 | . . . . . . . . . . . . . . . . . . 848 . . . . . . . . 15891 14989 . Highest Corruption 41 | . . . . 4 4 . 17 16 13 13 13 13 2 2 2 2 . 1 1 1 1 21 . 8 . 5 15 29 41 Average Corruption 8 | . . . . 3 4 . 9 12 13 13 13 13 1 2 2 2 . 1 1 1 1 4 . 7 . 5 10 18 31 Corruption Purged 6 | . . . . . . . . 5 . . . . . . . . . . . . 1 . . . . . . . . Corruption Blocked . | . . . . . . . . . . . . . . . . . . . . . . . . . . . . . . Effects 708 | . . . . 24 131 . 4 66 67 59 4 28 11 4 5 . . . 8 4 1 2 . 21 . 27 47 110 85 Message Errors 169 | . . . . 6 25 . 2 20 19 16 . 6 5 1 1 . . . 2 1 . . . 5 . 11 9 25 15 Matter Fused 175 | . . . . 5 37 . . 13 18 18 3 8 1 2 2 . . . 2 . . . . 4 . 4 12 32 14 Heat Flow Errors 87 | . . . . 3 18 . . 7 8 4 . 6 2 1 . . . . 1 2 . . . 6 . 2 6 16 5 Energy Discharges 84 | . . . . 3 20 . 1 7 9 7 . 2 . . 1 . . . . 1 . 1 . . . 6 6 15 5 Parts Rejected 4 | . . . . . . . . 1 . . . . . . . . . . . . . . . . . . 1 . 2 Parts Fused 4 | . . . . . . . . 1 . . 1 . . . . . . . . . . . . 1 . . . . 1 Data Loss (minor) 69 | . . . . . 13 . . 10 6 7 . 3 1 . . . . . 2 . . . . 3 . 2 3 8 11 Data Loss (major) 32 | . . . . 3 6 . . 4 5 2 . . . . . . . . 1 . 1 1 . 1 . 1 2 4 1 Misfires 8 | . . . . 2 6 . . . . . . . . . . . . . . . . . . . . . . . . Alerts 21 | . . . . . 6 . 1 2 2 1 . 1 2 . 1 . . . . . . . . . . 1 2 2 . Misdirections 16 | . . . . . . . . . . 1 . . . . . . . . . . . . . . . . 2 1 12 Weapon Failures 39 | . . . . 2 . . . 1 . 3 . 2 . . . . . . . . . . . 1 . . 4 7 19 Overload Shots . | . . . . . . . . . . . . . . . . . . . . . . . . . . . . . . Overflow Damage 68198 | . . . . . 11 124 . 666 148 168 . . 411 . . 71 6 135 549 5 39 33 248 924 630 870 4129 49713 9318 Projectiles 67271 | . . . . . 11 124 . 591 145 143 . . 255 . . 45 . 68 549 5 . . 248 897 627 747 4129 49578 9109 Explosions 836 | . . . . . . . . 75 . 25 . . 156 . . 26 6 47 . . . 33 . 6 3 123 . 135 201 Melee 91 | . . . . . . . . . 3 . . . . . . . . 20 . . 39 . . 21 . . . . 8 Knockbacks 267 | . 2 . . 2 . 7 . 18 . . . . . . . 3 . 2 7 8 . 1 2 12 12 11 14 119 47 Impact 9 | . 2 . . 2 . . . 1 . . . . . . . . . 1 . . . 1 . 1 . . . . 1 Kinetic 235 | . . . . . . 7 . 15 . . . . . . . 3 . 1 7 8 . . 2 10 11 11 13 106 41 Secondary 23 | . . . . . . . . 2 . . . . . . . . . . . . . . . 1 1 . 1 13 5 Self-Inflicted Damage 832 | . . . . . . 75 . . 44 67 . . 59 . . . 25 233 . . . 70 . . 87 39 . 133 . Shots 15 | . . . . . . 2 . . 1 1 . . 2 . . . 1 3 . . . 1 . . 1 1 . 2 . Rammed 28 | 1 4 . 3 9 5 2 . . 1 . . . . . . . . . . . 1 2 . . . . . . . Targets Rammed 42 | 1 4 . 4 10 7 5 . 2 1 . . . . . . . . 2 . . 1 3 . 1 . . . . 1 Kicked 8 | . . . . . . 3 . 2 . . . . . . . . . 2 . . . . . 1 . . . . . Crushed 6 | . . . 1 1 2 . . . . . . . . . . . . . . . . 1 . . . . . . 1 Highest Temperature 603 | . 22 81 187 205 348 160 40 269 246 233 . 254 189 408 342 603 300 397 480 201 198 50 189 199 196 494 412 509 223 Average Temperature 119 | . 4 24 57 36 95 42 18 50 74 50 . 98 33 122 117 176 102 124 138 104 81 48 59 83 99 96 141 159 158 Received Heat Transfer 3694 | . 129 174 387 333 27 30 . 321 . 144 . 45 18 . . 103 . 87 99 . 18 18 33 84 31 16 377 497 723 Effects 26 | . . . . . . . . 1 . 1 . . . . 1 1 . 5 3 . . . . . . 5 3 5 1 Shutdowns 6 | . . . . . . . . . . . . . . . . 1 . 1 1 . . . . . . 1 1 1 . Energy Bleed 7 | . . . . . . . . 1 . 1 . . . . 1 . . 1 . . . . . . . 1 . 1 1 Interference 7 | . . . . . . . . . . . . . . . . . . 1 1 . . . . . . 2 1 2 . Matter Decay 1 | . . . . . . . . . . . . . . . . . . . . . . . . . . . 1 . . Short Circuit 2 | . . . . . . . . . . . . . . . . . . 1 1 . . . . . . . . . . Damage (minor) 2 | . . . . . . . . . . . . . . . . . . 1 . . . . . . . 1 . . . Damage (core) 1 | . . . . . . . . . . . . . . . . . . . . . . . . . . . . 1 . Siege Activations 8 | . . . . . . . . . . . . . . . . . . . . . . . . . . . . 8 . Total Turns 617 | . . . . . . . . . . . . . . . . . . . . . . . . . . . . 617 . Longest Duration 122 | . . . . . . . . . . . . . . . . . . . . . . . . . . . . 122 . Martial Activations . | . . . . . . . . . . . . . . . . . . . . . . . . . . . . . . Shielding Activations . | . . . . . . . . . . . . . . . . . . . . . . . . . . . . . . Robots Disrupted . | . . . . . . . . . . . . . . . . . . . . . . . . . . . . . . Combat Hostiles . | . . . . . . . . . . . . . . . . . . . . . . . . . . . . . . Robots Corrupted 17 | . . . . . . . . . 1 . . . . . . 3 . . . 4 1 . . 2 1 . . 4 1 Combat Hostiles 11 | . . . . . . . . . . . . . . . . 3 . . . 4 . . . 1 . . . 3 . Parts Fried 30 | . . . . . . . . . . . . . . . . 6 6 . . 1 2 . . 3 2 . . 8 2 Impact Corruptions 26 | . . . . . . . . . 1 . . . . . . . . 1 . . 1 . . 3 1 . 1 11 7 Robots Melted 5 | . . . . . . . . . . . . . . . . . . . . . . . . . . 1 2 2 . Combat Hostiles 3 | . . . . . . . . . . . . . . . . . . . . . . . . . . 1 2 . . Parts Melted 29 | . . 1 . . 1 6 . 2 . 1 . . . . . . . . . . . . 1 . . 2 2 11 2 Heat Transferred 14846 | . . 433 . . . 1288 . 740 300 700 . 450 620 . . 186 . 150 . . 962 74 592 . 50 374 300 4921 2706 Parts Sabotaged 2 | . . . . . . . . . . . . . . . . . . . . . . . . . . . . . 2 Parts Stolen . | . . . . . . . . . . . . . . . . . . . . . . . . . . . . . . Parts Stripped . | . . . . . . . . . . . . . . . . . . . . . . . . . . . . . . Power Chain Reactions 78 | . . . . . . . . . . . . . . . . 3 . . . 1 . . . . 1 5 6 45 17 Alert | -11 -10 -10 -8 -8 -8 -6 -6 -6 -6 -6 -6 -5 -5 -5 -5 -5 -4 -4 -4 -4 -4 -4 -3 -3 -2 -2 -2 -1 -1 ------- Run | Yrd Mat Sub Mat Sto Rec Fac Was Fac Low Low Dat Pro Fac Upp Upp War Pro Fac Ext Cet Arc Hub Res Tes Res Qua Frg Acc Com Maximum Alert Level 5 | . . . . . . 2 . 3 . . . . 1 . . . . 1 3 3 1 2 1 2 1 3 5 5 5 Low Security (%) 46 | 100 100 . 100 100 100 4 100 20 . . . . 43 . . . . 32 8 . 22 39 38 45 . 13 . . . Level 1 21 | . . . . . . 46 . 43 . . . . 56 . . . . 67 50 . 77 42 61 34 100 2 36 . . Level 2 12 | . . . . . . 48 . 35 . . . . . . . . . . 19 99 . 18 . 19 . 48 56 . . Level 3 3 | . . . . . . . . 1 . . . . . . . . . . 21 . . . . . . 34 . . . Level 4 . | . . . . . . . . . . . . . . . . . . . . . . . . . . . . 5 . Level 5 1 | . . . . . . . . . . . . . . . . . . . . . . . . . . . . 14 . High Security 13 | . . . . . . . . . . . . . . . . . . . . . . . . . . . 7 79 99 Max Security . | . . . . . . . . . . . . . . . . . . . . . . . . . . . . . . Sterilizations 1 | . . . . . . . . . . . . . . . . . . . . . . . . . . . . 1 . Peak Influence 8995 | 10 95 . 157 125 63 497 158 747 . . . . 369 . . . . 309 951 705 387 635 333 436 390 819 1743 8995 8909 Initial 5756 | . . . 20 56 24 275 158 65 . . . . 2 . . . . 28 127 520 219 46 333 63 237 139 459 1100 5756 Average 1153 | 2 28 . 59 55 9 362 129 331 . . . . 173 . . . . 203 449 593 268 249 189 223 285 577 538 5733 7610 Influence Increases 25002 | 20 325 50 586 719 289 801 6 1245 105 340 . 20 552 90 . 444 115 488 1736 407 321 887 207 933 514 1431 893 8265 3213 Destroy 0b10 Robot/C 14000 | . 180 40 360 460 60 220 . 680 80 320 . 20 280 80 . 280 40 180 800 160 80 220 80 320 180 500 440 5880 2060 Destroy 0b10 Robot/NC 970 | 20 15 . 30 50 45 5 . 65 . 10 . . 10 . . . 5 15 50 10 45 20 35 45 25 15 35 320 100 Destroy Leader 2400 | . 46 10 106 186 . 40 . 164 10 10 . . 52 10 . . 10 42 70 . . 42 32 58 36 132 58 980 306 Allied During Kill 1141 | . . . . . . 22 . . . . . . . . . 44 . . 589 164 100 185 . 37 . . . . . Successful Hack 274 | . 5 . 5 . 9 . . 16 . . . . 39 . . . . . 6 12 . 14 5 91 . 34 . 38 . Select Force Hacks 200 | . . . . . 150 . . . . . . . . . . . . . . . . 50 . . . . . . . Disable Machine 1095 | . . . 15 15 15 180 . 105 . . . . 75 . . . . 75 45 15 60 45 . 150 30 120 45 45 60 Destroy Structure 2707 | . 4 . 10 8 10 84 6 170 . . . . 96 . . . . 176 146 46 36 86 40 142 138 285 150 627 447 Advance Influence 250 | . . . . . . 250 . . . . . . . . . . . . . . . . . . . . . . . Partial Spotted 300 | . . . 15 . . . . . . . . . . . . . . . 30 . . 45 . 60 45 75 15 . 15 Lose Combat Pursuer 1365 | . 75 . 45 . . . . 45 15 . . . . . . 120 60 . . . . 180 15 30 60 270 150 75 225 Active Sensor Use 300 | . . . . . . . . . . . . . . . . . . . . . . . . . . . . 300 . Influence Decreases 17165 | 20 313 21 492 792 288 412 364 595 849 304 36 16 362 271 13 216 297 274 1065 789 736 386 730 623 687 863 984 1068 3299 Entered New Map 7046 | . . 7 21 79 38 38 294 29 276 . 36 . 2 73 4 . 228 18 133 411 330 88 302 49 185 110 358 698 3239 Time Decay 8390 | 20 313 14 461 529 240 294 70 536 563 304 . 16 350 198 9 126 69 246 522 318 386 128 278 485 502 617 446 350 . Lost Part 240 | . . . 10 20 10 . . 30 10 . . . 10 . . . . 10 10 . . 10 . 10 . . 30 20 60 Lost Ally 680 | . . . . . . 80 . . . . . . . . . 90 . . 250 60 20 160 . 20 . . . . . Purge Threat 809 | . . . . 164 . . . . . . . . . . . . . . 150 . . . 150 59 . 136 150 . . Squads Dispatched 172 | . 3 . 6 4 . 3 . 14 . 1 . . 3 . . . . 4 3 . . 7 6 3 2 5 4 71 33 Investigation 23 | . 2 . 1 1 . . . 5 . . . . 1 . . . . . 1 . . 4 1 1 1 2 . 3 . Extermination 16 | . . . . . . 1 . 3 . . . . 2 . . . . 1 . . . . . 2 . 1 3 3 . Reinforcement 27 | . 1 . 5 1 . 1 . 6 . . . . . . . . . . 1 . . 2 5 . 1 2 . 2 . Assault 100 | . . . . . . 1 . . . 1 . . . . . . . . 1 . . . . . . . 1 63 33 Garrison 6 | . . . . 2 . . . . . . . . . . . . . 3 . . . 1 . . . . . . . Intercept . | . . . . . . . . . . . . . . . . . . . . . . . . . . . . . . Searches Triggered . | . . . . . . . . . . . . . . . . . . . . . . . . . . . . . . Construction Impeded 7 | . . . 1 . . 1 . 2 . . . . . . . . . . 1 . . . . . . . . 2 . Haulers Reinforced 5 | . . . . . . . . 1 . . . . . . . . . . . . . . 2 . 1 1 . . . Active Scanning Responses 3 | . . . . . . . . . . . . . . . . . . . . . . . . . . . . 3 . Cargo Convoy Interrupts . | . . . . . . . . . . . . . . . . . . . . . . . . . . . . . . Stealth | -11 -10 -10 -8 -8 -8 -6 -6 -6 -6 -6 -6 -5 -5 -5 -5 -5 -4 -4 -4 -4 -4 -4 -3 -3 -2 -2 -2 -1 -1 --------- Run | Yrd Mat Sub Mat Sto Rec Fac Was Fac Low Low Dat Pro Fac Upp Upp War Pro Fac Ext Cet Arc Hub Res Tes Res Qua Frg Acc Com Distress Signals 37 | . 2 . 2 2 . . . 2 . . . . . . . . . . 3 2 . 4 8 1 3 1 . 6 1 Communications Jammed 43 | . . . . . . . . . . . . . 11 . . . . . . . . . 2 9 9 12 . . . Distress Signals 43 | . . . . . . . . . . . . . 11 . . . . . . . . . 2 9 9 12 . . . Times Spotted 1039 | . 21 12 29 28 3 16 6 39 5 15 . 1 18 4 . 59 5 12 41 9 26 35 11 25 15 37 37 342 188 Peak Tracking Total 30 | . 4 2 4 4 1 7 6 7 4 9 . 1 6 4 . 16 2 5 8 5 1 23 4 5 2 7 11 15 30 Tactical Retreats 43 | . 4 . 3 . . . . 3 1 . . . . . . 2 1 . . . . 3 1 1 4 5 4 5 6 Traps | -11 -10 -10 -8 -8 -8 -6 -6 -6 -6 -6 -6 -5 -5 -5 -5 -5 -4 -4 -4 -4 -4 -4 -3 -3 -2 -2 -2 -1 -1 ------- Run | Yrd Mat Sub Mat Sto Rec Fac Was Fac Low Low Dat Pro Fac Upp Upp War Pro Fac Ext Cet Arc Hub Res Tes Res Qua Frg Acc Com Traps Triggered 36 | . 2 . 1 4 . 1 . 2 . . . . 1 . . . . . 1 . . . 1 4 . 2 10 5 2 Indirectly 1 | . . . . . . . . . . . . . . . . . . . 1 . . . . . . . . . . Trap Hack Attempts . | . . . . . . . . . . . . . . . . . . . . . . . . . . . . . . Triggered . | . . . . . . . . . . . . . . . . . . . . . . . . . . . . . . Disarmed . | . . . . . . . . . . . . . . . . . . . . . . . . . . . . . . Reprogrammed . | . . . . . . . . . . . . . . . . . . . . . . . . . . . . . . Reused . | . . . . . . . . . . . . . . . . . . . . . . . . . . . . . . Traps Extracted . | . . . . . . . . . . . . . . . . . . . . . . . . . . . . . . Installed . | . . . . . . . . . . . . . . . . . . . . . . . . . . . . . . Triggered . | . . . . . . . . . . . . . . . . . . . . . . . . . . . . . . Most Traps Carried 3 | . . . . . . . . . . 3 3 3 3 2 2 2 2 2 2 2 . . . . . . . . . Machines | -11 -10 -10 -8 -8 -8 -6 -6 -6 -6 -6 -6 -5 -5 -5 -5 -5 -4 -4 -4 -4 -4 -4 -3 -3 -2 -2 -2 -1 -1 ---------- Run | Yrd Mat Sub Mat Sto Rec Fac Was Fac Low Low Dat Pro Fac Upp Upp War Pro Fac Ext Cet Arc Hub Res Tes Res Qua Frg Acc Com Machines Disabled 85 | . . . 1 1 1 12 . 7 . 2 . . 5 . . 3 . 5 5 1 4 3 . 12 2 9 4 4 4 Max in Single Turn 7 | . . . 1 1 1 7 . 2 . 1 . . 4 . . 1 . 3 1 1 1 1 . 2 1 1 1 1 1 Garrison Access 8 | . . . 1 1 . . . 1 . . . . . . . . . 1 . . . 1 . . 2 . 1 . . Network Hub 2 | . . . . . . . . . . . . . . . . . . . . . . 2 . . . . . . . Energy Cycler 1 | . . . . . . . . . . . . . . . . . . . . . . . . . . . . 1 . Machines Repaired . | . . . . . . . . . . . . . . . . . . . . . . . . . . . . . . Machines Dismantled . | . . . . . . . . . . . . . . . . . . . . . . . . . . . . . . Machines Sabotaged 1 | . . . . . . . . . . . . . . . . . . . . . . 1 . . . . . . . Overloaded Fab Kills . | . . . . . . . . . . . . . . . . . . . . . . . . . . . . . . Hacking | -11 -10 -10 -8 -8 -8 -6 -6 -6 -6 -6 -6 -5 -5 -5 -5 -5 -4 -4 -4 -4 -4 -4 -3 -3 -2 -2 -2 -1 -1 --------- Run | Yrd Mat Sub Mat Sto Rec Fac Was Fac Low Low Dat Pro Fac Upp Upp War Pro Fac Ext Cet Arc Hub Res Tes Res Qua Frg Acc Com Machines Accessed 105 | . 7 1 3 6 11 . . 8 2 . 4 . 8 1 1 10 . 3 4 3 . 6 3 10 1 7 4 2 . Terminals 56 | . 7 . 1 5 5 . . 3 1 . . . 3 . . . . 1 4 3 . 5 2 5 1 5 3 2 . Fabricators 5 | . . . . . . . . 1 . . . . 3 . . . . . . . . . . 1 . . . . . Repair Stations 5 | . . . 1 . . . . . . . . . 1 . . . . 1 . . . . . 1 . 1 . . . Recycling Units 5 | . . . . . 5 . . . . . . . . . . . . . . . . . . . . . . . . Scanalyzers 5 | . . . . . . . . 2 . . . . . . . . . . . . . . . 2 . 1 . . . Garrison Access 10 | . . . 1 1 . . . 2 . . . . 1 . . . . 1 . . . 1 1 1 . . 1 . . Total Hacks 274 | . 22 4 8 14 23 . . 16 2 . 27 . 18 1 1 20 . 6 8 7 . 9 12 35 4 23 8 6 . Successful 142 | . 8 4 5 6 19 . . 3 2 . 27 . 9 1 1 20 . 3 2 3 . 4 2 8 . 11 2 2 . Failed 131 | . 13 . 3 8 4 . . 13 . . . . 9 . . . . 3 6 4 . 5 10 27 4 12 6 4 . Catastrophic 34 | . 2 . . 1 . . . 8 . . . . 1 . . . . 1 1 . . 2 2 6 1 5 3 1 . Database Lockouts 1 | . 1 . . . . . . . . . . . . . . . . . . . . . . . . . . . . Manual 89 | . 20 . 2 7 17 . . 1 . . . . 3 . . 1 . . 6 1 . 8 . 5 . 11 5 2 . Terminals 149 | . 22 . 4 13 8 . . 6 1 . . . 7 . . . . 1 8 7 . 8 10 19 4 18 7 6 . Fabricators 13 | . . . . . . . . 1 . . . . 7 . . . . . . . . . . 5 . . . . . Repair Stations 15 | . . . 2 . . . . . . . . . 3 . . . . 3 . . . . . 4 . 3 . . . Recycling Units 12 | . . . . . 12 . . . . . . . . . . . . . . . . . . . . . . . . Scanalyzers 10 | . . . . . . . . 3 . . . . . . . . . . . . . . . 5 . 2 . . . Garrison Access 18 | . . . 2 1 . . . 6 . . . . 1 . . . . 2 . . . 1 2 2 . . 1 . . Terminal Hacks 87 | . 1 4 1 5 4 . . 1 2 . 27 . 2 1 1 20 . . 1 3 . . 2 5 . 5 1 1 . Record 29 | . . 4 . . 2 . . . 1 . 7 . . . . 10 . . . 3 . . . 1 . 1 . . . Part Schematic 12 | . . . . . . . . . . . 12 . . . . . . . . . . . . . . . . . . Robot Schematic 5 | . . . . . . . . . . . 5 . . . . . . . . . . . . . . . . . . Robot Analysis 1 | . 1 . . . . . . . . . . . . . . . . . . . . . . . . . . . . Prototype ID Bank 13 | . . . . . . . . . . . 3 . . . . 9 . . . . . . . . . 1 . . . Open Door 5 | . . . . 1 . . . . 1 . . . . 1 1 1 . . . . . . . . . . . . . Branch Access Points 5 | . . . . . . . . 1 . . . . 1 . . . . . . . . . 1 . . 1 . 1 . Alert Level 5 | . . . 1 1 . . . . . . . . . . . . . . . . . . . 2 . 1 . . . Unreport Threat 8 | . . . . 2 . . . . . . . . . . . . . . 1 . . . 1 2 . 1 1 . . Hauler Manifests 1 | . . . . 1 . . . . . . . . . . . . . . . . . . . . . . . . . Registered Components 1 | . . . . . . . . . . . . . 1 . . . . . . . . . . . . . . . . Release Object 2 | . . . . . 2 . . . . . . . . . . . . . . . . . . . . . . . . Fabricator Hacks 4 | . . . . . . . . 1 . . . . 3 . . . . . . . . . . . . . . . . Network Status 2 | . . . . . . . . 1 . . . . 1 . . . . . . . . . . . . . . . . Load Schematic 1 | . . . . . . . . . . . . . 1 . . . . . . . . . . . . . . . . Build 1 | . . . . . . . . . . . . . 1 . . . . . . . . . . . . . . . . Repair Station Hacks 7 | . . . 2 . . . . . . . . . 2 . . . . 2 . . . . . 1 . . . . . Scan Component 4 | . . . 1 . . . . . . . . . 1 . . . . 1 . . . . . 1 . . . . . Repair 3 | . . . 1 . . . . . . . . . 1 . . . . 1 . . . . . . . . . . . Recycling Unit Hacks 2 | . . . . . 2 . . . . . . . . . . . . . . . . . . . . . . . . Recycle Component 1 | . . . . . 1 . . . . . . . . . . . . . . . . . . . . . . . . Report Inventory 1 | . . . . . 1 . . . . . . . . . . . . . . . . . . . . . . . . Scanalyzer 4 | . . . . . . . . . . . . . . . . . . . . . . . . 2 . 2 . . . Insert Component 4 | . . . . . . . . . . . . . . . . . . . . . . . . 2 . 2 . . . Garrison Access Hacks 6 | . . . 1 1 . . . 1 . . . . . . . . . 1 . . . 1 . . . . 1 . . Seal Access 6 | . . . 1 1 . . . 1 . . . . . . . . . 1 . . . 1 . . . . 1 . . Unauthorized Hacks 31 | . 6 . 1 . 13 . . . . . . . 2 . . . . . 1 . . 3 . . . 4 . 1 . Terminals 22 | . 6 . 1 . 6 . . . . . . . 1 . . . . . 1 . . 3 . . . 3 . 1 . Track 1 | . . . . . . . . . . . . . . . . . . . . . . . . . . 1 . . . Assimilate 2 | . . . . . . . . . . . . . . . . . . . 1 . . . . . . 1 . . . Botnet 7 | . 1 . 1 . 1 . . . . . . . 1 . . . . . . . . 1 . . . 1 . 1 . Skim 10 | . 5 . . . 5 . . . . . . . . . . . . . . . . . . . . . . . . Sabotage 2 | . . . . . . . . . . . . . . . . . . . . . . 2 . . . . . . . Fabricators 1 | . . . . . . . . . . . . . 1 . . . . . . . . . . . . . . . . Recompile 1 | . . . . . . . . . . . . . 1 . . . . . . . . . . . . . . . . Repair Stations 1 | . . . . . . . . . . . . . . . . . . . . . . . . . . 1 . . . Patch 1 | . . . . . . . . . . . . . . . . . . . . . . . . . . 1 . . . Recycling Units 7 | . . . . . 7 . . . . . . . . . . . . . . . . . . . . . . . . Reject 1 | . . . . . 1 . . . . . . . . . . . . . . . . . . . . . . . . Mask 1 | . . . . . 1 . . . . . . . . . . . . . . . . . . . . . . . . Tunnel 5 | . . . . . 5 . . . . . . . . . . . . . . . . . . . . . . . . Scanalyzers . | . . . . . . . . . . . . . . . . . . . . . . . . . . . . . . Garrison Access . | . . . . . . . . . . . . . . . . . . . . . . . . . . . . . . Data Cores Recovered 5 | . . . . . . . . . . . . . 1 . . . . . 1 . . 1 . 1 . 1 . . . Used 2 | . . . . . . . . . . . . . 1 . . . . . . . . . . 1 . . . . . Hacking Detections 63 | . 6 . 2 5 4 . . 6 . . . . 7 . . . . 1 4 3 . 4 3 9 1 5 2 1 . Full Trace Events 8 | . 1 . . 2 . . . 3 . . . . . . . . . . . . . . . 1 1 . . . . Feedback Events . | . . . . . . . . . . . . . . . . . . . . . . . . . . . . . . Feedback Blocked . | . . . . . . . . . . . . . . . . . . . . . . . . . . . . . . Robot Schematics Acquired 5 | . . . . . . . . . . . 5 . . . . . . . . . . . . . . . . . . Robots Built . | . . . . . . . . . . . . . . . . . . . . . . . . . . . . . . Authchips . | . . . . . . . . . . . . . . . . . . . . . . . . . . . . . . Time . | . . . . . . . . . . . . . . . . . . . . . . . . . . . . . . Total Robot Build Rating . | . . . . . . . . . . . . . . . . . . . . . . . . . . . . . . Part Schematics Acquired 12 | . . . . . . . . . . . 12 . . . . . . . . . . . . . . . . . . Parts Built 2 | . . . . . . . . . . . . . 2 . . . . . . . . . . . . . . . . Authchips . | . . . . . . . . . . . . . . . . . . . . . . . . . . . . . . Time 128 | . . . . . . . . . . . . . 128 . . . . . . . . . . . . . . . . Total Part Build Rating 16 | . . . . . . . . . . . . . 16 . . . . . . . . . . . . . . . . Parts Repaired 3 | . . . 1 . . . . . . . . . 1 . . . . 1 . . . . . . . . . . . Time 132 | . . . 32 . . . . . . . . . 50 . . . . 50 . . . . . . . . . . . Parts Recycled 1 | . . . . . 1 . . . . . . . . . . . . . . . . . . . . . . . . Recycled Matter . | . . . . . . . . . . . . . . . . . . . . . . . . . . . . . . Retrieved Matter . | . . . . . . . . . . . . . . . . . . . . . . . . . . . . . . Retrieved Components . | . . . . . . . . . . . . . . . . . . . . . . . . . . . . . . Parts Scanalyzed . | . . . . . . . . . . . . . . . . . . . . . . . . . . . . . . Part Schematics Acquired . | . . . . . . . . . . . . . . . . . . . . . . . . . . . . . . Parts Damaged . | . . . . . . . . . . . . . . . . . . . . . . . . . . . . . . Bothacking | -11 -10 -10 -8 -8 -8 -6 -6 -6 -6 -6 -6 -5 -5 -5 -5 -5 -4 -4 -4 -4 -4 -4 -3 -3 -2 -2 -2 -1 -1 ------------ Run | Yrd Mat Sub Mat Sto Rec Fac Was Fac Low Low Dat Pro Fac Upp Upp War Pro Fac Ext Cet Arc Hub Res Tes Res Qua Frg Acc Com Used RIF Installer . | . . . . . . . . . . . . . . . . . . . . . . . . . . . . . . Robots Hacked . | . . . . . . . . . . . . . . . . . . . . . . . . . . . . . . Non-combat . | . . . . . . . . . . . . . . . . . . . . . . . . . . . . . . Combat . | . . . . . . . . . . . . . . . . . . . . . . . . . . . . . . Robot Hacks Applied . | . . . . . . . . . . . . . . . . . . . . . . . . . . . . . . Relay Couplers Released 2 | . . . . . . . . . . . . . . . . . . . . . . . . . 2 . . . . Machine Destruction 2 | . . . . . . . . . . . . . . . . . . . . . . . . . 2 . . . . Fabnet Peak Effective % . | . . . . . . . . . . . . . . . . . . . . . . . . . . . . . . Robots Rewired 24 | . . . . . . . . . . . . . . . . 5 . . 18 . . . . 1 . . . . . Allies Hacked . | . . . . . . . . . . . . . . . . . . . . . . . . . . . . . . Hacks Repelled . | . . . . . . . . . . . . . . . . . . . . . . . . . . . . . . Allies | -11 -10 -10 -8 -8 -8 -6 -6 -6 -6 -6 -6 -5 -5 -5 -5 -5 -4 -4 -4 -4 -4 -4 -3 -3 -2 -2 -2 -1 -1 -------- Run | Yrd Mat Sub Mat Sto Rec Fac Was Fac Low Low Dat Pro Fac Upp Upp War Pro Fac Ext Cet Arc Hub Res Tes Res Qua Frg Acc Com Total Allies 51 | . . . . . . 12 . . . . . . . . . 5 . . 28 5 . . . 1 . . . . . Largest Group 15 | . . . . . . 8 . . . . . . . . . 5 . . 15 11 10 8 . 1 . . . . . Highest-Rated Group 853 | . . . . . . 214 . . . . . . . . . 236 . . 687 853 694 597 . 164 . . . . . Highest-Rated Ally 164 | . . . . . . 31 . . . . . . . . . 64 . . 159 159 96 96 . 164 . . . . . Total Orders 8 | . . . . . . . . . . . . . . . . 1 . . . 3 2 . . 2 . . . . . STAY 4 | . . . . . . . . . . . . . . . . 1 . . . 1 1 . . 1 . . . . . FOLLOW 4 | . . . . . . . . . . . . . . . . . . . . 2 1 . . 1 . . . . . Ally Attacks 320 | . . . . . . 14 . . . . . . . . . 32 . . 182 33 13 40 . 6 . . . . . Total Damage 10033 | . . . . . . 122 . . . . . . . . . 1422 . . 4837 1215 705 1182 . 550 . . . . . Kills 63 | . . . . . . . . . . . . . . . . 7 . . 38 6 3 4 . 5 . . . . . Allies Corrupted 4 | . . . . . . . . . . . . . . . . 1 . . 1 . . 1 . 1 . . . . . Allies Melted 2 | . . . . . . . . . . . . . . . . 2 . . . . . . . . . . . . . Intel | -11 -10 -10 -8 -8 -8 -6 -6 -6 -6 -6 -6 -5 -5 -5 -5 -5 -4 -4 -4 -4 -4 -4 -3 -3 -2 -2 -2 -1 -1 ------- Run | Yrd Mat Sub Mat Sto Rec Fac Was Fac Low Low Dat Pro Fac Upp Upp War Pro Fac Ext Cet Arc Hub Res Tes Res Qua Frg Acc Com Active Infowar (turns) 33399 | . 1319 53 1698 1941 2943 547 143 1461 1762 1342 90 771 1755 412 443 1279 708 379 945 706 911 293 613 1298 1351 2124 1202 3807 1103 Optics 11496 | . . . . . . . . . . . . . . . . . . . . . . . 611 1298 1351 2124 1202 3807 1103 Sensors 17845 | . . . . . . 547 143 1461 1762 1342 90 771 1478 412 443 1279 708 209 97 706 911 293 611 732 1219 1568 1063 . . A.S.S. 589 | . . . . . . . . . . . . . . . . . . . . . . . . . . . . 589 . IFF 1018 | . . . . . . . . . . . . . . . . . . 170 848 . . . . . . . . . . Seismic 4907 | . 1319 53 1698 1837 . . . . . . . . . . . . . . . . . . . . . . . . . T.N.C. 3047 | . . . . 104 2943 . . . . . . . . . . . . . . . . . . . . . . . . Machine Analysis 1 | . . . . . . . . . . . . . . . . . . . . . . . . . . . . 1 . Cloaking 1252 | . . . . . . . . . . . . . . . . . . . . . . . . . . 185 1067 . . Jamming 7531 | . . . . . . . . . . . . . 1180 410 437 423 . 18 . . . . 556 1295 1346 797 1069 . . Robot Analysis Total 1 | . 1 . . . . . . . . . . . . . . . . . . . . . . . . . . . . Derelict Logs Recovered 10 | . . 2 . . . . . . . 2 . 1 . 2 1 . 2 . . . . . . . . . . . . Drone Launches . | . . . . . . . . . . . . . . . . . . . . . . . . . . . . . . Drone Recoveries . | . . . . . . . . . . . . . . . . . . . . . . . . . . . . . . Exploration | -11 -10 -10 -8 -8 -8 -6 -6 -6 -6 -6 -6 -5 -5 -5 -5 -5 -4 -4 -4 -4 -4 -4 -3 -3 -2 -2 -2 -1 -1 ------------- Run | Yrd Mat Sub Mat Sto Rec Fac Was Fac Low Low Dat Pro Fac Upp Upp War Pro Fac Ext Cet Arc Hub Res Tes Res Qua Frg Acc Com Turns Passed 39842 | 100 1345 1940 1700 1943 6354 647 143 1661 1797 1342 90 771 1755 412 443 1287 711 534 1459 706 911 293 613 1298 1351 2124 1202 3807 1103 Spaces Moved 30978 | 44 672 937 615 981 2656 476 181 1344 1228 1057 82 641 1077 484 563 1348 1017 513 1464 424 956 427 727 1052 2076 3020 1250 2858 808 Core 4 | 4 . . . . . . . . . . . . . . . . . . . . . . . . . . . . . Treads 13810 | 40 672 937 615 981 2512 347 . . 1186 1057 82 641 1076 . . . 11 . . 283 956 427 56 . . . . 1236 695 Legs 9226 | . . . . . 54 129 181 1344 42 . . . 1 484 563 950 820 513 1464 141 . . . 497 477 . . 1453 113 Wheels 90 | . . . . . 90 . . . . . . . . . . . . . . . . . . . . . . . . Hover 6249 | . . . . . . . . . . . . . . . . 398 53 . . . . . 389 . 970 3020 1250 169 . Flight 1599 | . . . . . . . . . . . . . . . . . 133 . . . . . 282 555 629 . . . . Fastest Speed 45 | 50 160 160 160 160 92 73 73 73 96 111 111 111 65 65 65 45 45 45 45 45 45 45 45 73 45 45 45 45 45 Average Speed 80 | 150 160 160 160 160 147 106 73 84 110 111 111 111 110 65 65 57 45 45 45 45 45 45 59 79 51 45 45 45 45 Slowest Speed 240 | 160 160 160 160 160 240 119 73 96 111 111 111 111 111 65 65 65 45 45 45 45 45 45 138 80 73 45 45 45 45 Overloaded Moves . | . . . . . . . . . . . . . . . . . . . . . . . . . . . . . . Propulsion Burnouts . | . . . . . . . . . . . . . . . . . . . . . . . . . . . . . . Robots Hopped 2 | . . . . . . . . . . . . . . . . . . . . . . . . 2 . . . . . Potential Cave-ins 22 | . . . . . . . 4 . . . . . . . . 3 . . . . . . . . . 2 8 4 1 Cave-ins Triggered 2 | . . . . . . . . . . . . . . . . . . . . . . . . . . . 2 . . Teleports 2 | . . . . . . . . . . . . . . . . . . . . . . . . . . 1 1 . . Exploration Rate (%) 63 | 4 97 47 52 97 98 12 88 34 89 94 68 85 30 60 61 90 91 10 88 80 97 56 22 91 62 97 32 40 25 Regions Visited 29 Branch Regions 19 Pre-discovered Areas 9 | . . . . . 7 . . . . . 1 . . . . 1 . . . . . . . . . . . . . Known Exits Taken 24 | . 1 1 1 . . . . 1 1 1 1 1 1 1 1 1 1 1 1 1 1 1 1 1 1 1 1 1 . Unknown Exits Taken 3 | 1 . . . 1 1 . . . . . . . . . . . . . . . . . . . . . . . . Scrap Searched 11 | . . . . . . . . . 2 1 . 1 . 3 1 . 3 . . . . . . . . . . . . Spaces Dug 345 | . 4 . . . 1 56 6 57 2 11 . 6 11 12 25 18 3 12 24 . 2 6 11 22 14 19 13 10 . Terrain Destroyed 1590 | . 4 . 4 1 10 84 15 189 46 122 . 16 47 20 32 20 8 109 58 26 15 37 23 77 55 98 45 267 162 Melee . | . . . . . . . . . . . . . . . . . . . . . . . . . . . . . . Projectile 807 | . . . 4 1 10 31 15 83 6 22 . 16 19 20 32 20 8 49 34 15 15 15 23 33 48 45 26 111 106 AOE 783 | . 4 . . . . 53 . 106 40 100 . . 28 . . . . 60 24 11 . 22 . 44 7 53 19 156 56 Terrain Rammed . | . . . . . . . . . . . . . . . . . . . . . . . . . . . . . . Walls Destroyed . | . . . . . . . . . . . . . . . . . . . . . . . . . . . . . . Machines Disabled . | . . . . . . . . . . . . . . . . . . . . . . . . . . . . . . Actions | -11 -10 -10 -8 -8 -8 -6 -6 -6 -6 -6 -6 -5 -5 -5 -5 -5 -4 -4 -4 -4 -4 -4 -3 -3 -2 -2 -2 -1 -1 --------- Run | Yrd Mat Sub Mat Sto Rec Fac Was Fac Low Low Dat Pro Fac Upp Upp War Pro Fac Ext Cet Arc Hub Res Tes Res Qua Frg Acc Com Total 43721 | 62 851 1306 1226 1232 5105 586 187 1711 1657 1174 81 670 1604 569 628 1840 1242 765 2207 910 1373 502 861 1444 2288 3664 1768 4883 1325 Wait 9379 | . 89 308 517 112 2250 44 . 172 390 53 . . 467 62 50 336 190 180 478 435 336 45 52 282 92 433 364 1381 261 Move 30944 | 44 671 936 614 980 2655 476 180 1343 1227 1056 81 640 1076 483 562 1347 1016 512 1463 423 955 426 726 1047 2075 3019 1247 2857 807 Hop 2 | . . . . . . . . . . . . . . . . . . . . . . . . 2 . . . . . Pick Up 296 | 5 12 9 15 6 78 8 1 16 8 3 . . 9 2 . 13 1 2 4 4 3 . 8 6 12 20 8 39 4 Fast Attach 110 | 6 1 . 1 9 4 3 . 4 . . . . 3 2 2 10 1 3 5 1 3 . 5 5 5 11 4 14 8 Attach 89 | . 1 1 6 1 . 1 . 6 4 2 . . 3 1 . 4 1 5 6 4 1 2 5 3 5 9 7 9 2 Detach 54 | . . . . . . 1 . 4 2 2 . . 1 1 . 3 1 4 4 4 1 1 3 3 4 4 1 9 1 Swap 184 | . 10 7 3 28 . 2 . 13 1 1 . . 3 1 1 4 1 5 3 1 5 . 6 10 15 18 11 21 14 Drop 349 | . 10 6 11 24 89 11 1 3 8 2 . . 8 4 2 23 2 3 10 6 6 . 9 16 13 28 7 38 9 Fire 2001 | 7 53 39 55 62 22 35 5 147 16 50 . 30 34 13 11 25 29 49 59 32 62 25 47 66 67 122 115 509 215 Melee . | . . . . . . . . . . . . . . . . . . . . . . . . . . . . . . Ram . | . . . . . . . . . . . . . . . . . . . . . . . . . . . . . . Kick 8 | . . . . . . 3 . 2 . . . . . . . . . 2 . . . . . 1 . . . . . Crush 33 | . 4 . 4 10 7 2 . . 1 . . . . . . . . . . . 1 3 . . . . . . 1 Escape Stasis 11 | . . . . . . . . . . . . . . . . . . . . . . . . . . . 2 6 3 Rewire 260 | . . . . . . . . . . 5 . . . . . 75 . . 175 . . . . 3 . . 2 . . Trap . | . . . . . . . . . . . . . . . . . . . . . . . . . . . . . . Miscellaneous 1 | . . . . . . . . 1 . . . . . . . . . . . . . . . . . . . . . Route ------- -11/Scrapyard -10/Materials (discovered 6 exits: [*Mat x3] / [*Min x2] / *Sub) -10/Subcaves (discovered 2 exits: *Mat x2) -8/Materials (discovered 3 exits: *Fac / *Sto x2) -8/Storage (discovered 2 exits: *Fac / *Rec) -8/Recycling -6/Factory -6/Waste -6/Factory (discovered 4 exits: *Fac x2 / *Low x2) -6/Lower Caves -6/Lower Caves (discovered 2 exits: *Fac / *Dat) -6/Data Miner -5/Proximity Caves -5/Factory (discovered 4 exits: *Fac x2 / *Upp x2) -5/Upper Caves -5/Upper Caves (discovered 2 exits: *Fac / *War) -5/Warlord -4/Proximity Caves -4/Factory (discovered 2 exits: *Upp / *Ext) -4/Extension (discovered 2 exits: *Res / *Cet) -4/Cetus (discovered 2 exits: *Res / *Arc) -4/Archives (discovered 3 exits: *Res / *Hub x2) -4/Hub_04(d) -3/Research (discovered 3 exits: *Res / *Tes x2) -3/Testing -2/Research (discovered 4 exits: *Acc x3 / *Qua) -2/Quarantine (discovered 3 exits: *Acc / *Sec / *Frg) -2/Protoforge -1/Access -1/Command To Epsilon Eridani History --------- Turn | Location | Event 7 | -11/Scrapyard | Discovered new exit (range 16) 101 | -11/Scrapyard | Entered Materials 309 | -10/Materials | Build established: Mutant 342 | -10/Materials | Central database locked down 399 | -10/Materials | Discovered new exit (range 8) 429 | -10/Materials | Discovered new exit (range 7) 641 | -10/Materials | Discovered new exit (range 7) 662 | -10/Materials | Discovered new exit (range 16) 912 | -10/Materials | Loaded intel: 16 trap records 990 | -10/Materials | Discovered new exit (range 11) 994 | -10/Materials | Identified exit to Subcaves 1017 | -10/Materials | Learned 2 Mines zone layouts 1051 | -10/Materials | Learned 4 Recycling zone layouts 1074 | -10/Materials | Learned 2 Mines zone layouts 1446 | -10/Materials | Entered Subcaves 1447 | -10/Subcaves | Identified exit to Materials 1717 | -10/Subcaves | Visited Clippyterm 1722 | -10/Subcaves | Learned Factory trap positions 2049 | -10/Subcaves | Learned 2 Materials zone layouts 2495 | -10/Subcaves | Learned Materials non-interactive machine intel 2532 | -10/Subcaves | Shifting Twisted Machinery released Mak. Light Armor Plating 2708 | -10/Subcaves | Core integrity fell below 50% 2749 | -10/Subcaves | Shifting Twisted Machinery released Mak. Hacking Suite 2750 | -10/Subcaves | Shifting Twisted Machinery released Mak. Light Armor Plating 3386 | -10/Subcaves | Entered Materials 3386 | -8/Materials | Evolved 4 slots: Propulsion x2, Utility x1, Weapon x1 3387 | -8/Materials | Identified exit to Storage 3388 | -8/Materials | Identified exit to Factory 3389 | -8/Materials | Loaded intel: 23 non-interactive machine locations 3438 | -8/Materials | Repaired Imp. Ion Engine 3767 | -8/Materials | Build established: Gunner 5086 | -8/Materials | Entered Storage 5324 | -8/Storage | Garrison activated, responded to threat 5440 | -8/Storage | Build established: Scavenger-Gunner 5471 | -8/Storage | Garrison activated, responded to threat 6798 | -8/Storage | Discovered exit to Factory (range 8) 7024 | -8/Storage | Used back door to open Recycling access 7024 | -8/Storage | Discovered new exit (range 4) 7029 | -8/Storage | Entered Recycling 7602 | -8/Recycling | Discovered new exit (range 15) 8031 | -8/Recycling | Learned Storage security intel 8077 | -8/Recycling | Learned Storage trap positions 8113 | -8/Recycling | Learned location of Lower Caves (-7) 8137 | -8/Recycling | Learned 2 Storage zone layouts 8153 | -8/Recycling | Learned Factory stockpile data 8219 | -8/Recycling | Learned Factory fabricator intel 8447 | -8/Recycling | Build established: Scavenger-Mutant 9948 | -8/Recycling | Entered Scraplab 9976 | -8/Recycling | Found Prototype Device 9976 | -8/Recycling | Identified Scrap Engine 12079 | -8/Recycling | Build established: Construct 13383 | -8/Recycling | Entered Factory 13383 | -6/Factory | Evolved 4 slots: Propulsion x1, Utility x2, Weapon x1 13384 | -6/Factory | Loaded intel: 66 trap records 13386 | -6/Factory | Loaded intel: 6 fabricator locations 13472 | -6/Factory | Lost 4 allies 13733 | -6/Factory | First assault squad dispatched 14030 | -6/Factory | Sucked down chute 14030 | -6/Factory | Entered Waste 14045 | -6/Waste | EMP discharged 14054 | -6/Waste | Spotted C-40 Crusher 14056 | -6/Waste | Spotted C-40 Crusher 14056 | -6/Waste | Spotted C-40 Crusher 14062 | -6/Waste | Spotted C-40 Crusher 14072 | -6/Waste | Spotted C-40 Crusher 14131 | -6/Waste | Spotted C-40 Crusher 14145 | -6/Waste | EMP discharged 14145 | -6/Waste | System corruption reached 10% 14160 | -6/Waste | Discovered new exit (range 13) 14173 | -6/Waste | Identified exit to Factory 14173 | -6/Waste | Entered Factory 14377 | -6/Factory | Discovered new exit (range 3) 14379 | -6/Factory | Identified exit to Factory 14637 | -6/Factory | Discovered exit to Factory (range 12) 15369 | -6/Factory | Identified exit to Lower Caves 15445 | -6/Factory | Spotted B-75 Beast 15607 | -6/Factory | Found Prototype Launcher 15609 | -6/Factory | Found Prototype Launcher 15834 | -6/Factory | Entered Lower Caves 15834 | -6/Lower Caves | Identified Rocket Array (x2) 16561 | -6/Lower Caves | Spotted B-75 Beast 16578 | -6/Lower Caves | Discovered new exit (range 11) 16592 | -6/Lower Caves | Identified exit to Lower Caves 17281 | -6/Lower Caves | Encountered a Warlord checkpoint 17631 | -6/Lower Caves | Entered another Lower Caves area 17653 | -6/Lower Caves | Discovered exit to Factory (range 15) 18055 | -6/Lower Caves | Attracted the attention of an 0b10 outpost 18088 | -6/Lower Caves | Destroyed 9 combat bots 18380 | -6/Lower Caves | Learned location of 1 exit from Proximity Caves 18430 | -6/Lower Caves | Discovered new exit (range 5) 18450 | -6/Lower Caves | Identified exit to Data Miner 18752 | -6/Lower Caves | Encountered a Warlord checkpoint 18973 | -6/Lower Caves | Entered Data Miner 18973 | -6/Data Miner | Discovered new exit (range 6) 18995 | -6/Data Miner | Met Data Miner 19028 | -6/Data Miner | Acquired the access code to Warlord's prototype stash 19028 | -6/Data Miner | Learned location of Section 7 (-2) 19039 | -6/Data Miner | Received God Mode back door access code from Data Miner 19062 | -6/Data Miner | Identified exit to Proximity Caves 19063 | -6/Data Miner | Entered Proximity Caves 19754 | -5/Proximity Caves | Attracted the attention of an 0b10 checkpoint 19834 | -5/Proximity Caves | Entered Factory 19834 | -5/Factory | Evolved 2 slots: Propulsion x1, Utility x1 20007 | -5/Factory | Spotted B-75 Beast 20107 | -5/Factory | Identified exit to Upper Caves 20246 | -5/Factory | Repaired Lrn. Missile Launcher 20380 | -5/Factory | Discovered new exit (range 9) 20389 | -5/Factory | Identified exit to Factory 20462 | -5/Factory | Discovered exit to Factory (range 15) 20835 | -5/Factory | Fabricated Quantum Rifle? 21589 | -5/Factory | Entered Upper Caves 21742 | -5/Upper Caves | Learned Factory terminal intel 21870 | -5/Upper Caves | Learned Factory emergency access door positions 21881 | -5/Upper Caves | Discovered new exit (range 3) 21883 | -5/Upper Caves | Identified exit to Upper Caves 22001 | -5/Upper Caves | Entered another Upper Caves area 22002 | -5/Upper Caves | Identified exit to Warlord 22080 | -5/Upper Caves | Discovered exit to Factory (range 10) 22444 | -5/Upper Caves | Entered Warlord 22467 | -5/Warlord | System corruption cleaned by Quarantine Array 22827 | -5/Warlord | Warlord's base attacked by MAIN.C 22837 | -5/Warlord | Met Warlord 22858 | -5/Warlord | Opened Warlord's prototype stash 22867 | -5/Warlord | Found Prototype Device 22867 | -5/Warlord | Identified Exp. Phase Shifter 22888 | -5/Warlord | Found Prototype Processor 22891 | -5/Warlord | Found Prototype Hackware 22939 | -5/Warlord | Learned 4 Access zone layouts 22940 | -5/Warlord | Learned Testing security intel 22940 | -5/Warlord | Learned Factory garrison access intel 22940 | -5/Warlord | Learned Research repair station intel 22976 | -5/Warlord | Build established: Commander-Construct 23057 | -5/Warlord | Found Prototype Energy Gun 23057 | -5/Warlord | Identified Vortex Rail 23060 | -5/Warlord | Found Prototype Piercing Weapon 23060 | -5/Warlord | Identified Vortex Lance 23064 | -5/Warlord | Found Vortex Rail 23177 | -5/Warlord | Warlord forces counterattacked 23213 | -5/Warlord | Lost 3 allies 23481 | -5/Warlord | Build established: Construct 23487 | -5/Warlord | Lost 3 allies 23502 | -5/Warlord | Warlord base infiltrated, sounded retreat 23554 | -5/Warlord | Spotted Striker 23588 | -5/Warlord | Lost 8 allies 23597 | -5/Warlord | Spotted Striker 23673 | -5/Warlord | Spotted Executioner 23686 | -5/Warlord | Spotted Striker 23697 | -5/Warlord | Spotted Executioner 23700 | -5/Warlord | Spotted Executioner 23725 | -5/Warlord | Discovered new exit (range 15) 23727 | -5/Warlord | Destroyed Executioner 23730 | -5/Warlord | Identified exit to Proximity Caves 23731 | -5/Warlord | Entered Proximity Caves 23755 | -4/Proximity Caves | Lost 8 allies 23982 | -4/Proximity Caves | Learned Research stockpile data 24442 | -4/Proximity Caves | Entered Factory 24442 | -4/Factory | Evolved 2 slots: Power x1, Utility x1 24443 | -4/Factory | Identified exit to Extension 24445 | -4/Factory | Loaded intel: 28 terminal locations 24446 | -4/Factory | Loaded intel: 4 garrison access locations 24620 | -4/Factory | Discovered new exit (range 8) 24622 | -4/Factory | Garrison activated, responded to threat 24630 | -4/Factory | Repaired Lrn. Missile Launcher? 24820 | -4/Factory | Identified exit to Upper Caves 24976 | -4/Factory | Entered Extension 25010 | -4/Extension | Rescued a captive Derelict 25297 | -4/Extension | Rescued a captive Derelict 25301 | -4/Extension | Rescued a captive Derelict 25750 | -4/Extension | Spotted B-86 Titan 25752 | -4/Extension | Build established: Commander-Construct 25787 | -4/Extension | Allies destroyed B-86 Titan 25798 | -4/Extension | Spotted B-86 Titan 25834 | -4/Extension | Destroyed B-86 Titan 25910 | -4/Extension | Lost 8 allies 26071 | -4/Extension | Rescued a captive Derelict 26077 | -4/Extension | Rescued a captive Derelict 26147 | -4/Extension | Rescued A7 26147 | -4/Extension | Rescued a captive Derelict 26180 | -4/Extension | Rescued a captive Derelict 26226 | -4/Extension | First assault squad dispatched 26245 | -4/Extension | Lost 3 allies 26299 | -4/Extension | Rescued a captive Derelict 26331 | -4/Extension | Discovered new exit (range 10) 26331 | -4/Extension | Discovered new exit (range 6) 26342 | -4/Extension | Identified exit to Cetus 26425 | -4/Extension | Identified exit to Research 26435 | -4/Extension | Entered Cetus 26435 | -4/Cetus | Accompanied by 10 allies (A7) 26440 | -4/Cetus | Acquired a Cetus Manufacturing Module code from A7 26449 | -4/Cetus | Spotted Cetus Guard 26450 | -4/Cetus | Spotted Cetus Guard 26462 | -4/Cetus | Spotted Cetus Guard 26464 | -4/Cetus | Allies destroyed Cetus Guard 26465 | -4/Cetus | Spotted Cetus Guard 26474 | -4/Cetus | Allies destroyed Cetus Guard 26514 | -4/Cetus | Lost 4 allies 26529 | -4/Cetus | Started Cetus Manufacturing Module 26554 | -4/Cetus | Manufactured an Enhanced Grunt 26579 | -4/Cetus | Manufactured an Enhanced Grunt 26604 | -4/Cetus | Manufactured an Enhanced Grunt 26629 | -4/Cetus | Manufactured an Enhanced Grunt 26654 | -4/Cetus | Manufactured an Enhanced Grunt 26688 | -4/Cetus | Escorted A7 to Cetus Mainframe 26715 | -4/Cetus | Discovered new exit (range 15) 26737 | -4/Cetus | Spotted Cetus Guard 26737 | -4/Cetus | Spotted Cetus Guard 26744 | -4/Cetus | Destroyed Cetus Guard 26744 | -4/Cetus | Destroyed Cetus Guard 26744 | -4/Cetus | Spotted Cetus Guard 26747 | -4/Cetus | Destroyed Cetus Guard 26748 | -4/Cetus | Spotted Cetus Guard 26751 | -4/Cetus | Destroyed Cetus Guard 26753 | -4/Cetus | Discovered exit to Research (range 15) 26756 | -4/Cetus | Met Revision 17 27056 | -4/Cetus | Murdered A7 27060 | -4/Cetus | Extracted ID and sensor layout for unrecognized location from A7's data core 27091 | -4/Cetus | Identified exit to Archives 27141 | -4/Cetus | Entered Archives 27141 | -4/Archives | Accompanied by 10 allies 27202 | -4/Archives | Discovered new exit (range 16) 27205 | -4/Archives | Discovered new exit (range 16) 27210 | -4/Archives | Discovered exit to Research (range 16) 27622 | -4/Archives | Identified exit to Hub_04(d) 28052 | -4/Archives | Entered Hub_04(d) 28052 | -4/Hub_04(d) | Accompanied by 8 allies 28179 | -4/Hub_04(d) | Network Hub disabled 28255 | -4/Hub_04(d) | Spotted Lightning 28255 | -4/Hub_04(d) | Spotted Lightning 28258 | -4/Hub_04(d) | Spotted Lightning 28286 | -4/Hub_04(d) | Garrison activated, responded to threat 28310 | -4/Hub_04(d) | Spotted Lightning 28319 | -4/Hub_04(d) | Lost 4 allies 28329 | -4/Hub_04(d) | Spotted Lightning 28330 | -4/Hub_04(d) | Spotted Lightning 28336 | -4/Hub_04(d) | Network Hub disabled 28337 | -4/Hub_04(d) | System corruption reached 10% 28339 | -4/Hub_04(d) | Discovered exit to Research (range 15) 28345 | -4/Hub_04(d) | Entered Research 28345 | -3/Research | Evolved 2 slots: Utility x2 28347 | -3/Research | Loaded intel: 4 repair station locations 28347 | -3/Research | Identified Spectral Analyzer 28420 | -3/Research | Discovered new exit (range 3) 28421 | -3/Research | Identified exit to Research 28519 | -3/Research | Identified exit to Testing 28545 | -3/Research | Revision forces began assault on 0b10 28561 | -3/Research | Build established: Construct 28593 | -3/Research | Found Prototype Launcher 28593 | -3/Research | Identified Hellfire Missile Launcher 28599 | -3/Research | Found Hellfire Missile Launcher 28627 | -3/Research | Met up with Revision 17++ 28833 | -3/Research | Found Prototype Launcher 28833 | -3/Research | Identified Adv. Micro-nuke Launcher 28958 | -3/Research | Entered Testing 29040 | -3/Testing | Found Prototype Device 29103 | -3/Testing | Found Prototype Device 29103 | -3/Testing | Identified AEGIS Remote Shield 29420 | -3/Testing | Rewired PX-ZSX9P6K33D 29474 | -3/Testing | Found Prototype Energy Cannon 29703 | -3/Testing | Spotted PH-9OKT04A60N 29808 | -3/Testing | Found Prototype Protection 29808 | -3/Testing | Identified Med. Regenerative Plating 29812 | -3/Testing | Found Prototype Protection 29840 | -3/Testing | Found Prototype Energy Gun 29840 | -3/Testing | Identified Warp Gun 29879 | -3/Testing | Discovered exit to Research (range 23) 29963 | -3/Testing | Found Prototype Protection 29963 | -3/Testing | Identified Centrium Heavy Armor Plating 30248 | -3/Testing | Identified Exp. Thermal Shield 30256 | -3/Testing | Entered Research 30256 | -2/Research | Warlord forces began assault on 0b10 30256 | -2/Research | Evolved 2 slots: Utility x2 30360 | -2/Research | Discovered new exit (range 8) 30366 | -2/Research | Research machine network offline 30369 | -2/Research | Identified exit to Access 30630 | -2/Research | Discovered exit to Access (range 19) 30633 | -2/Research | Met DD-05H 30634 | -2/Research | Borebot progress halted 30682 | -2/Research | Borebot progress halted 30694 | -2/Research | Spotted HV-6YG(H) 30729 | -2/Research | Found Spectral Analyzer 30803 | -2/Research | Identified Ghost Barrier 30811 | -2/Research | Identified SHELL Armor 30822 | -2/Research | Discovered exit to Access (range 4) 31077 | -2/Research | Warlord destroyed during the assault 31106 | -2/Research | Borebot progress halted 31139 | -2/Research | Discovered new exit (range 6) 31196 | -2/Research | Spotted B-90 Cyclops 31325 | -2/Research | Spotted Executioner 31586 | -2/Research | Identified exit to Quarantine 31607 | -2/Research | Entered Quarantine 31620 | -2/Quarantine | Found Alien Artifact 31621 | -2/Quarantine | Identified Transdimensional Reconstructor 31621 | -2/Quarantine | Warped through subspace 31633 | -2/Quarantine | Found Alien Artifact 31633 | -2/Quarantine | Identified Dimensional Node Initializer 31633 | -2/Quarantine | Initialized slip node 31638 | -2/Quarantine | Found Transdimensional Reconstructor 31640 | -2/Quarantine | Found Transdimensional Reconstructor 31645 | -2/Quarantine | Found Dimensional Node Initializer 31704 | -2/Quarantine | Lost 6 allies 31853 | -2/Quarantine | Cryocooling Duct disabled 31868 | -2/Quarantine | Ambient heat levels rising (+20) 31868 | -2/Quarantine | Non-combat units ordered to evacuate 31964 | -2/Quarantine | Cryocooling Duct disabled 31979 | -2/Quarantine | Ambient heat levels rising (+20) 31979 | -2/Quarantine | Combat units ordered to evacuate 32037 | -2/Quarantine | Discovered exit to Access (range 7) 32079 | -2/Quarantine | Quarantine Guard activated 32079 | -2/Quarantine | Spotted Quarantine Guard 32079 | -2/Quarantine | Spotted Quarantine Guard 32079 | -2/Quarantine | Spotted Quarantine Guard 32079 | -2/Quarantine | Spotted Quarantine Guard 32079 | -2/Quarantine | Spotted Quarantine Guard 32079 | -2/Quarantine | Spotted Quarantine Guard 32094 | -2/Quarantine | Spotted Quarantine Guard 32094 | -2/Quarantine | Spotted Quarantine Guard 32094 | -2/Quarantine | Spotted Quarantine Guard 32094 | -2/Quarantine | Spotted Quarantine Guard 32209 | -2/Quarantine | Destroyed Quarantine Guard 32312 | -2/Quarantine | Spotted Quarantine Guard 32482 | -2/Quarantine | Build established: Scavenger-Construct 32510 | -2/Quarantine | Found Alien Artifact 32510 | -2/Quarantine | Identified Phase Redirector 32542 | -2/Quarantine | Destroyed Quarantine Guard 32604 | -2/Quarantine | Destroyed Quarantine Guard 32762 | -2/Quarantine | Destroyed Quarantine Guard 32793 | -2/Quarantine | Found Alien Artifact 32794 | -2/Quarantine | Identified Subatomic Replicator 32794 | -2/Quarantine | Used Subatomic Replicator to replicate Warp Gun 32818 | -2/Quarantine | Build established: Construct 32845 | -2/Quarantine | Destroyed Quarantine Guard 32930 | -2/Quarantine | Spotted Fortress 32979 | -2/Quarantine | Destroyed Quarantine Guard 33039 | -2/Quarantine | Destroyed Quarantine Guard 33208 | -2/Quarantine | Destroyed Fortress 33406 | -2/Quarantine | Found Prototype Device 33406 | -2/Quarantine | Identified Thermal Barrier 33408 | -2/Quarantine | Found Prototype Device 33408 | -2/Quarantine | Identified Exp. Force Field 33504 | -2/Quarantine | Destroyed Quarantine Guard 33678 | -2/Quarantine | Destroyed Quarantine Guard 33694 | -2/Quarantine | Discovered new exit (range 23) 33706 | -2/Quarantine | Destroyed Quarantine Guard 33717 | -2/Quarantine | Discovered new exit (range 8) 33721 | -2/Quarantine | Identified exit to Section 7 33730 | -2/Quarantine | Identified exit to Protoforge 33731 | -2/Quarantine | Entered Protoforge 33820 | -2/Protoforge | Discovered exit to Access (range 10) 33825 | -2/Protoforge | Initialized slip node 33847 | -2/Protoforge | Build established: Infiltrator-Construct 34053 | -2/Protoforge | Superfortress began startup sequence 34076 | -2/Protoforge | Forge Plexus network access discovered 34080 | -2/Protoforge | Spotted Immortal 34081 | -2/Protoforge | Spotted Immortal 34092 | -2/Protoforge | Spotted V558-z 34100 | -2/Protoforge | Spotted Immortal 34139 | -2/Protoforge | Spotted Decapitator 34140 | -2/Protoforge | Spotted Decapitator 34140 | -2/Protoforge | Spotted Decapitator 34152 | -2/Protoforge | Found Crosscalibrator 34155 | -2/Protoforge | Found Cep. Antimissile System 34196 | -2/Protoforge | System corruption reached 10% 34222 | -2/Protoforge | Spotted Decapitator 34222 | -2/Protoforge | Spotted Decapitator 34222 | -2/Protoforge | Spotted Decapitator 34222 | -2/Protoforge | Spotted Decapitator 34248 | -2/Protoforge | Spotted V910-o 34248 | -2/Protoforge | Crushed by falling debris 34248 | -2/Protoforge | Crushed by falling debris 34267 | -2/Protoforge | Spotted Immortal 34268 | -2/Protoforge | Destroyed V910-o 34274 | -2/Protoforge | Destroyed Immortal 34648 | -2/Protoforge | Spotted AP7-3 34649 | -2/Protoforge | Spotted AP7-3 34651 | -2/Protoforge | Destroyed AP7-3 34672 | -2/Protoforge | Destroyed AP7-3 34716 | -2/Protoforge | Found Cep. Cloak Mesh 34719 | -2/Protoforge | Found Cep. Thermoelectric Network 34723 | -2/Protoforge | Found Faulty Cep. Thermoelectric Network 34731 | -2/Protoforge | First assault squad dispatched 34848 | -2/Protoforge | High security lockdown imminent 34848 | -2/Protoforge | Destroyed Superfortress 34850 | -2/Protoforge | Spotted Striker 34850 | -2/Protoforge | Spotted Hotshot 34850 | -2/Protoforge | Spotted Hotshot 34864 | -2/Protoforge | Destroyed Striker 34876 | -2/Protoforge | Spotted V380-r 34876 | -2/Protoforge | Spotted V121-z 34876 | -2/Protoforge | Spotted V270-m 34899 | -2/Protoforge | Spotted Immortal 34900 | -2/Protoforge | Spotted Decapitator 34900 | -2/Protoforge | Spotted Decapitator 34900 | -2/Protoforge | Spotted Decapitator 34911 | -2/Protoforge | Found Exp. Active Sensor Suite 34912 | -2/Protoforge | Found Exp. Active Sensor Suite 34928 | -2/Protoforge | High security lockdown engaged 34928 | -2/Protoforge | Warped through subspace to slip node 34933 | -2/Protoforge | Entered Access 34933 | -1/Access | Evolved 2 slots: Power x1, Utility x1 34985 | -1/Access | Spotted B-99 Colossus 35000 | -1/Access | Identified exit to Command 35088 | -1/Access | Build established: Construct 35189 | -1/Access | Destroyed 8 combat bots 35433 | -1/Access | First assault squad dispatched 35595 | -1/Access | Destroyed B-99 Colossus 35604 | -1/Access | Found Prototype Ballistic Gun 35718 | -1/Access | High security lockdown imminent 35764 | -1/Access | Destroyed 9 combat bots 35798 | -1/Access | High security lockdown engaged 35808 | -1/Access | Spotted Striker 35815 | -1/Access | Spotted Striker 35821 | -1/Access | Destroyed Striker 35825 | -1/Access | Destroyed Striker 35880 | -1/Access | Destroyed 7 combat bots 36039 | -1/Access | Destroyed 23 combat bots 36122 | -1/Access | Destroyed Investigator 36157 | -1/Access | Spotted Executioner 36185 | -1/Access | Destroyed Executioner 36206 | -1/Access | Destroyed 32 combat bots 36315 | -1/Access | Spotted Investigator 36315 | -1/Access | Spotted Striker 36315 | -1/Access | Spotted Striker 36334 | -1/Access | Spotted Striker 36334 | -1/Access | Spotted Executioner 36334 | -1/Access | Spotted Executioner 36337 | -1/Access | Destroyed Striker 36341 | -1/Access | Destroyed Executioner 36345 | -1/Access | Destroyed Executioner 36349 | -1/Access | Destroyed Striker 36382 | -1/Access | Found Prototype Device 36382 | -1/Access | Identified Adv. Kinecellerator 36388 | -1/Access | Destroyed 15 combat bots 36502 | -1/Access | Destroyed Executioner 36506 | -1/Access | Spotted Executioner 36506 | -1/Access | Spotted Executioner 36506 | -1/Access | Spotted Executioner 36510 | -1/Access | Destroyed Executioner 36514 | -1/Access | Destroyed Executioner 36518 | -1/Access | Destroyed Executioner 36579 | -1/Access | Spotted Investigator 36595 | -1/Access | Scanned by Researcher 36601 | -1/Access | Destroyed Investigator 36607 | -1/Access | Spotted Striker 36609 | -1/Access | Destroyed Striker 36654 | -1/Access | Destroyed 49 combat bots 36665 | -1/Access | Build established: Scavenger-Construct 36723 | -1/Access | Spotted Executioner 36731 | -1/Access | Destroyed Executioner 36750 | -1/Access | Spotted Striker 36756 | -1/Access | Destroyed Striker 36766 | -1/Access | System corruption reached 10% 36778 | -1/Access | Destroyed Striker 36799 | -1/Access | Destroyed 17 combat bots 36858 | -1/Access | Spotted Striker 36858 | -1/Access | Spotted Executioner 36858 | -1/Access | Spotted Executioner 36860 | -1/Access | Destroyed Executioner 36869 | -1/Access | Spotted Executioner 36869 | -1/Access | Destroyed Striker 36881 | -1/Access | Destroyed Executioner 36885 | -1/Access | Destroyed Executioner 36904 | -1/Access | Destroyed Striker 36905 | -1/Access | Spotted Striker 36910 | -1/Access | Destroyed Striker 36919 | -1/Access | Destroyed Executioner 36940 | -1/Access | Destroyed 14 combat bots 36956 | -1/Access | Spotted Executioner 36957 | -1/Access | Destroyed Executioner 37016 | -1/Access | Spotted Executioner 37016 | -1/Access | Spotted Executioner 37024 | -1/Access | Spotted Striker 37029 | -1/Access | Spotted Striker 37043 | -1/Access | Destroyed Executioner 37047 | -1/Access | Destroyed Striker 37047 | -1/Access | Destroyed Striker 37063 | -1/Access | Destroyed Executioner 37101 | -1/Access | Destroyed 23 combat bots 37103 | -1/Access | Found Adv. Kinecellerator 37106 | -1/Access | Found Prototype Processor 37106 | -1/Access | Identified Exp. Core Analyzer 37116 | -1/Access | Found Exp. Core Analyzer 37131 | -1/Access | Found Exp. Core Analyzer 37137 | -1/Access | Spotted Executioner 37138 | -1/Access | Destroyed Executioner 37139 | -1/Access | Spotted Striker 37146 | -1/Access | Destroyed Executioner 37153 | -1/Access | Destroyed Striker 37173 | -1/Access | Found Exp. Core Analyzer 37209 | -1/Access | Destroyed Striker 37213 | -1/Access | Destroyed Executioner 37266 | -1/Access | Spotted Investigator 37276 | -1/Access | Destroyed Investigator 37302 | -1/Access | Sterilization system engaged 37311 | -1/Access | Destroyed 14 combat bots 37345 | -1/Access | Found Exp. Core Analyzer 37354 | -1/Access | Found Exp. Core Analyzer 37465 | -1/Access | Spotted Executioner 37465 | -1/Access | Spotted Executioner 37465 | -1/Access | Spotted Executioner 37470 | -1/Access | Destroyed Executioner 37470 | -1/Access | Destroyed Executioner 37472 | -1/Access | Destroyed Executioner 37524 | -1/Access | Destroyed 10 combat bots 37528 | -1/Access | Spotted Striker 37528 | -1/Access | Spotted Executioner 37532 | -1/Access | Destroyed Striker 37539 | -1/Access | Destroyed Executioner 37541 | -1/Access | Spotted Striker 37541 | -1/Access | Spotted Striker 37541 | -1/Access | Spotted Striker 37546 | -1/Access | Spotted Executioner 37546 | -1/Access | Spotted Striker 37549 | -1/Access | Destroyed Striker 37551 | -1/Access | Destroyed Striker 37553 | -1/Access | Destroyed Striker 37555 | -1/Access | Destroyed Striker 37561 | -1/Access | Destroyed Executioner 37569 | -1/Access | Found Exp. Core Analyzer 37580 | -1/Access | Found Exp. Core Analyzer 37584 | -1/Access | Destroyed 10 combat bots 37591 | -1/Access | Found Exp. Core Analyzer 37602 | -1/Access | Ambient heat levels rising (+10) 37752 | -1/Access | Ambient heat levels rising (+10) 37902 | -1/Access | Ambient heat levels rising (+10) 38052 | -1/Access | Ambient heat levels rising (+10) 38202 | -1/Access | Ambient heat levels rising (+10) 38352 | -1/Access | Ambient heat levels rising (+10) 38401 | -1/Access | Energy Cycler disabled 38435 | -1/Access | Spotted B-99 Colossus 38441 | -1/Access | Spotted B-99 Colossus 38444 | -1/Access | Destroyed B-99 Colossus 38447 | -1/Access | Destroyed B-99 Colossus 38502 | -1/Access | Ambient heat levels rising (+10) 38568 | -1/Access | Found Prototype Ballistic Gun 38652 | -1/Access | Ambient heat levels rising (+10) 38740 | -1/Access | Entered Command 38747 | -1/Command | High security lockdown imminent 38825 | -1/Command | Spotted Striker 38827 | -1/Command | High security lockdown engaged 38922 | -1/Command | Spotted Striker 38989 | -1/Command | Destroyed 11 combat bots 38990 | -1/Command | Destroyed Striker 38992 | -1/Command | Destroyed Striker 39038 | -1/Command | Spotted Striker 39044 | -1/Command | Destroyed Striker 39081 | -1/Command | Destroyed 13 combat bots 39082 | -1/Command | Found Exp. Targeting Computer 39084 | -1/Command | Found Exp. Core Analyzer 39093 | -1/Command | Spotted Investigator 39099 | -1/Command | Destroyed Investigator 39155 | -1/Command | Destroyed 10 combat bots 39171 | -1/Command | Spotted Executioner 39209 | -1/Command | Core integrity fell below 50% 39213 | -1/Command | Spotted Executioner 39220 | -1/Command | System corruption reached 30% 39223 | -1/Command | Destroyed Executioner 39258 | -1/Command | Destroyed Executioner 39279 | -1/Command | Destroyed 24 combat bots 39383 | -1/Command | Destroyed Investigator 39395 | -1/Command | Destroyed Striker 39397 | -1/Command | Spotted Striker 39410 | -1/Command | Destroyed Striker 39433 | -1/Command | Destroyed 7 combat bots 39513 | -1/Command | Spotted Striker 39513 | -1/Command | Spotted Striker 39513 | -1/Command | Spotted Striker 39519 | -1/Command | Destroyed Striker 39549 | -1/Command | Destroyed 8 combat bots 39552 | -1/Command | Destroyed Striker 39559 | -1/Command | Destroyed Striker 39754 | -1/Command | Spotted Executioner 39757 | -1/Command | Spotted Executioner 39757 | -1/Command | Destroyed Executioner 39758 | -1/Command | Spotted Striker 39758 | -1/Command | Spotted Striker 39759 | -1/Command | Spotted Striker 39759 | -1/Command | Spotted Executioner 39761 | -1/Command | Failed to warp due to unstable space 39762 | -1/Command | Spotted Striker 39762 | -1/Command | Spotted Executioner 39766 | -1/Command | Spotted Striker 39766 | -1/Command | Spotted Striker 39835 | -1/Command | Spotted Executioner 39835 | -1/Command | Spotted Executioner 39835 | -1/Command | Spotted Striker 39835 | -1/Command | Spotted Alpha 7 39835 | -1/Command | Spotted Executioner 39835 | -1/Command | Spotted Executioner 39835 | -1/Command | Spotted Striker 39835 | -1/Command | Spotted Alpha 7 39836 | -1/Command | Spotted B-99 Colossus 39837 | -1/Command | Spotted B-99 Colossus 39840 | -1/Command | Discovered new exit (range 8) 39843 | -1/Command | Core integrity fell below 20% 39843 | *** | Escaped! Last Messages --------------- remains intact and functional. 39839_ Access Shell breached. 39839_ Penetrated by Slug. 39839_ Critical hit (Destroy). 39839_ Slug penetrates Access Shell. 39839_ Slug penetrates B-99 Colossus. 39839_ Slug penetrates Wall. 39839_ Penetrated by Slug. 39840_ The Access Shell folds into the floor. 39840_ EXIT=FOUND 39840_ Striker knocked back. 39840_ Critical hit (Destroy). 39840_ Penetrated by Slug. 39840_ Slug penetrates B-99 Colossus. 39842_ Penetrated by Slug. 39842_ Slug penetrates Wall. 39842_ Slug penetrates Executioner. 39842_ Slug penetrates Wall. [Achievement: Victory By Combat] [Achievement: Death Machine] Map ----- +----------------------------------------------------+ | ?????????????????????????????????????????????????? | | ?????????????????????????????????????????????????? | | ?????????????????????????????????????????????????? | | ?????????????????????????????????????????????????? | | ?????????????????????????????????????????????????? | | ?????????????????????????????????????????????????? | | ?????????????????????????????????????????????????? | | ?????????????????????????????????????????????????? | | ?????????????????????????????????????????????????? | | ?????????????????????????????????????????????????? | | ?????????????????????????????????????????????????? | | ?????????????????????????????????????????????????? | | ?????????????????????????????????????????????????? | | ?????????????????????????????????????????????????? | | ?????????????????????????????????????????????????? | | ?????????????????????????????????????????????????? | | ?????????????????????????????????????????????????? | | ?????????????????????????????????????????????????? | | ?????????????????????????????????????????????????? | | ???????????????????##############????????????????? | | ???????????????????# #????????????????? | | ???????????????????# #????????????????? | | ???????????????????# #????????????????? | | ???????????????????# #????????????????? | | ???????????????????# ^ #????????????????? | | ???????????????????# @" ##???????????????? | | ???????????????????# "" ;#???????????????? | | ???????????????????# ##???????????????? | | ???????????????????# K ;#???????????????? | | ???????????????????# ##???????????????? | | ???????????????????#%BB % K BB#????????????????? | | ???????????????????# BB % BB#????????????????? | | ???????????????????###; ^ K #;##????????????????? | | ?????????????????????# ^ K E%;#?????????????????? | | ?????????????????????##E K ^###?????????????????? | | ?????????????????????# E^ K #??????????????????? | | ?????????????????????## % E##??????????????????? | | ?????????????????????# K #??????????????????? | | ?????????????????????##K^ ##??????????????????? | | ?????????????????????# 7 % #??????????????????? | | ?????????????????????## ^^ 7;#??????????????????? | | ??????????????????????# ##??????????????????? | | ??????????????????????##++++##???????????????????? | | ???????????????????????# #????????????????????? | | ???????????????????????# #????????????????????? | | ???????????????????????# #????????????????????? | | ???????????????????????# #????????????????????? | | ???????????????????????# #????????????????????? | | ??????????############## #????????????????????? | | ??????????+ #????????????????????? | +----------------------------------------------------+ Best States ------------- Heat Dissipation 106 Coolant Potential 120 Energy Generation 83 Energy Capacity 1224 Matter Stores 300 Matter Capacity 300 Sight Range 24 Robot Scan Range 20 Terrain Scan Density 10 Jamming Range 16 Cloak Strength 6 Armor Coverage 1800 Phase Shifting 20 Evasion (%) 71 Targeting Accuracy 12 Target Analysis 6 Core Analysis 12 Armor Integrity Analysis 40 Recoil Reduction 6 Kinecelleration 50 Offensive Hacking 12 Defensive Hacking 12 Authchip Count 2 Item Schematics ----------------- Combat Drone Bay | -6/Data Miner | Free Lgt. Regenerative Plating | -6/Data Miner | Free Cld. Gravmag System | -6/Data Miner | Free Prc. Energy Filter | -6/Data Miner | Free Hvy. Gatling Laser | -6/Data Miner | Free Centrium Wheel | -6/Data Miner | Free Graphene Brace | -6/Data Miner | Free Dispersion Rifle | -6/Data Miner | Free Nuclear Pulse Array | -6/Data Miner | Free Adv. Surge Thruster | -6/Data Miner | Free Com. HERF Cannon | -6/Data Miner | Free Mic. Antimatter Reactor | -6/Data Miner | Free Robot Schematics ------------------ B-48 Gladiator | -6/Data Miner | Free B-60 Warrior | -6/Data Miner | Free R-10 Processor | -6/Data Miner | Free G-67 Veteran | -6/Data Miner | Free G-50 Soldier | -6/Data Miner | Free Fabricated ------------ Quantum Rifle | x2 | -5/Factory | Preloaded Repaired ---------- Imp. Ion Engine | 15% | -8/Materials Lrn. Missile Launcher | 14% | -5/Factory Lrn. Missile Launcher | 70% | -4/Factory Alien Tech Used ----------------- Transdimensional Reconstructor Dimensional Node Initializer Phase Redirector Subatomic Replicator Achievements -------------- Death Machine Equal Opportunity Bot Victory By Combat Challenges ------------ None Game ------ Seed BackupIonicUnit Manual? 0 Play Time 06:58:02 Cumulative 170.8 hours Start 2025.08.06 @ 16:46:49 End 2025.08.11 @ 16:40:39 Sessions 60 Manual Loads 0 Difficulty Rogue Special Mode None Game No. 83 Rogue 83 Adventurer 0 Explorer 0 Win Type 0 Total 19 Types 9/1/5/1/0/1/1/1/0/0 Lore% 65 Gallery% 60 Achievement% 70 Wizard Run 0 Options --------- Layout 1 ASCII 0 Keyboard 0 Movement Arrows Keybinds 0 Fullscreen 2 Font 24/Tamsyn Map View 50x35 Zoom Use 0% Tactical HUD 1 Map Filters NONE Filters NONE Steam 1 RUN: 4c12c68a-c30a-48b7-99d1-329daaf4c530